%YAML 1.1
%TAG !u! tag:unity3d.com,2011:
--- !u!1 &138583731602545379
GameObject:
  m_ObjectHideFlags: 0
  m_CorrespondingSourceObject: {fileID: 0}
  m_PrefabInstance: {fileID: 0}
  m_PrefabAsset: {fileID: 0}
  serializedVersion: 6
  m_Component:
  - component: {fileID: 811037812954265762}
  m_Layer: 0
  m_Name: RightHandMiddle3
  m_TagString: Untagged
  m_Icon: {fileID: 0}
  m_NavMeshLayer: 0
  m_StaticEditorFlags: 0
  m_IsActive: 1
--- !u!4 &811037812954265762
Transform:
  m_ObjectHideFlags: 0
  m_CorrespondingSourceObject: {fileID: 0}
  m_PrefabInstance: {fileID: 0}
  m_PrefabAsset: {fileID: 0}
  m_GameObject: {fileID: 138583731602545379}
  m_LocalRotation: {x: -0.05759455, y: 0.13049696, z: 0.0022422352, w: 0.9897719}
  m_LocalPosition: {x: -9.685754e-10, y: 0.0002883738, z: -0.0000000015739351}
  m_LocalScale: {x: 1.0000002, y: 1, z: 1}
  m_Children: []
  m_Father: {fileID: 597523523912283538}
  m_RootOrder: 0
  m_LocalEulerAnglesHint: {x: 0, y: 0, z: 0}
--- !u!1 &634888354986420682
GameObject:
  m_ObjectHideFlags: 0
  m_CorrespondingSourceObject: {fileID: 0}
  m_PrefabInstance: {fileID: 0}
  m_PrefabAsset: {fileID: 0}
  serializedVersion: 6
  m_Component:
  - component: {fileID: 9006183806569051148}
  m_Layer: 0
  m_Name: LeftHandRing2
  m_TagString: Untagged
  m_Icon: {fileID: 0}
  m_NavMeshLayer: 0
  m_StaticEditorFlags: 0
  m_IsActive: 1
--- !u!4 &9006183806569051148
Transform:
  m_ObjectHideFlags: 0
  m_CorrespondingSourceObject: {fileID: 0}
  m_PrefabInstance: {fileID: 0}
  m_PrefabAsset: {fileID: 0}
  m_GameObject: {fileID: 634888354986420682}
  m_LocalRotation: {x: 0.054342613, y: 0.009946198, z: 0.0075479164, w: 0.99844426}
  m_LocalPosition: {x: -5.5879353e-11, y: 0.0005015546, z: 0.0000000012556848}
  m_LocalScale: {x: 0.99999976, y: 0.9999997, z: 0.99999976}
  m_Children:
  - {fileID: 2898986275600786852}
  m_Father: {fileID: 843707827570876765}
  m_RootOrder: 0
  m_LocalEulerAnglesHint: {x: 0, y: 0, z: 0}
--- !u!1 &712743947777827945
GameObject:
  m_ObjectHideFlags: 0
  m_CorrespondingSourceObject: {fileID: 0}
  m_PrefabInstance: {fileID: 0}
  m_PrefabAsset: {fileID: 0}
  serializedVersion: 6
  m_Component:
  - component: {fileID: 3291553873258466011}
  m_Layer: 0
  m_Name: RightArm
  m_TagString: Untagged
  m_Icon: {fileID: 0}
  m_NavMeshLayer: 0
  m_StaticEditorFlags: 0
  m_IsActive: 1
--- !u!4 &3291553873258466011
Transform:
  m_ObjectHideFlags: 0
  m_CorrespondingSourceObject: {fileID: 0}
  m_PrefabInstance: {fileID: 0}
  m_PrefabAsset: {fileID: 0}
  m_GameObject: {fileID: 712743947777827945}
  m_LocalRotation: {x: 0.14277995, y: 0.13456918, z: -0.025549553, w: 0.98023075}
  m_LocalPosition: {x: 4.377216e-10, y: 0.001206593, z: -0.0000000027567149}
  m_LocalScale: {x: 0.99999964, y: 1.0000001, z: 0.9999998}
  m_Children:
  - {fileID: 9045511846964102214}
  m_Father: {fileID: 8012876704119408003}
  m_RootOrder: 0
  m_LocalEulerAnglesHint: {x: 0, y: 0, z: 0}
--- !u!1 &746798947725315529
GameObject:
  m_ObjectHideFlags: 0
  m_CorrespondingSourceObject: {fileID: 0}
  m_PrefabInstance: {fileID: 0}
  m_PrefabAsset: {fileID: 0}
  serializedVersion: 6
  m_Component:
  - component: {fileID: 6603380188402990478}
  m_Layer: 0
  m_Name: RightHandIndex1
  m_TagString: Untagged
  m_Icon: {fileID: 0}
  m_NavMeshLayer: 0
  m_StaticEditorFlags: 0
  m_IsActive: 1
--- !u!4 &6603380188402990478
Transform:
  m_ObjectHideFlags: 0
  m_CorrespondingSourceObject: {fileID: 0}
  m_PrefabInstance: {fileID: 0}
  m_PrefabAsset: {fileID: 0}
  m_GameObject: {fileID: 746798947725315529}
  m_LocalRotation: {x: -0.009051292, y: 0.97729623, z: -0.17582053, w: -0.11788681}
  m_LocalPosition: {x: 0.00039486287, y: 0.00090689113, z: -0.00006396503}
  m_LocalScale: {x: 0.9999999, y: 1, z: 0.99999976}
  m_Children:
  - {fileID: 6523753439950296280}
  m_Father: {fileID: 8625785923673783971}
  m_RootOrder: 0
  m_LocalEulerAnglesHint: {x: 0, y: 0, z: 0}
--- !u!1 &771584172979283297
GameObject:
  m_ObjectHideFlags: 0
  m_CorrespondingSourceObject: {fileID: 0}
  m_PrefabInstance: {fileID: 0}
  m_PrefabAsset: {fileID: 0}
  serializedVersion: 6
  m_Component:
  - component: {fileID: 6703323426085179548}
  m_Layer: 0
  m_Name: FrontLeft1
  m_TagString: Untagged
  m_Icon: {fileID: 0}
  m_NavMeshLayer: 0
  m_StaticEditorFlags: 0
  m_IsActive: 1
--- !u!4 &6703323426085179548
Transform:
  m_ObjectHideFlags: 0
  m_CorrespondingSourceObject: {fileID: 0}
  m_PrefabInstance: {fileID: 0}
  m_PrefabAsset: {fileID: 0}
  m_GameObject: {fileID: 771584172979283297}
  m_LocalRotation: {x: -0.15707202, y: 0.92641133, z: -0.29639676, w: -0.17099527}
  m_LocalPosition: {x: -4.2840836e-10, y: 0.00029208465, z: 2.0489097e-10}
  m_LocalScale: {x: 1.0000001, y: 0.99999964, z: 1.0000001}
  m_Children:
  - {fileID: 833775664051672221}
  m_Father: {fileID: 200378268410272571}
  m_RootOrder: 0
  m_LocalEulerAnglesHint: {x: 0, y: 0, z: 0}
--- !u!1 &883767622167660993
GameObject:
  m_ObjectHideFlags: 0
  m_CorrespondingSourceObject: {fileID: 0}
  m_PrefabInstance: {fileID: 0}
  m_PrefabAsset: {fileID: 0}
  serializedVersion: 6
  m_Component:
  - component: {fileID: 2199131752947917429}
  m_Layer: 0
  m_Name: RightHandThumb1
  m_TagString: Untagged
  m_Icon: {fileID: 0}
  m_NavMeshLayer: 0
  m_StaticEditorFlags: 0
  m_IsActive: 1
--- !u!4 &2199131752947917429
Transform:
  m_ObjectHideFlags: 0
  m_CorrespondingSourceObject: {fileID: 0}
  m_PrefabInstance: {fileID: 0}
  m_PrefabAsset: {fileID: 0}
  m_GameObject: {fileID: 883767622167660993}
  m_LocalRotation: {x: 0.21206501, y: 0.86564887, z: -0.26827264, w: -0.36566415}
  m_LocalPosition: {x: 0.0004744932, y: 0.00027612277, z: -0.00011833845}
  m_LocalScale: {x: 0.99999994, y: 0.99999964, z: 1.0000001}
  m_Children:
  - {fileID: 4841106877827447101}
  m_Father: {fileID: 8625785923673783971}
  m_RootOrder: 4
  m_LocalEulerAnglesHint: {x: 0, y: 0, z: 0}
--- !u!1 &896565762441087383
GameObject:
  m_ObjectHideFlags: 0
  m_CorrespondingSourceObject: {fileID: 0}
  m_PrefabInstance: {fileID: 0}
  m_PrefabAsset: {fileID: 0}
  serializedVersion: 6
  m_Component:
  - component: {fileID: 3195108376674691549}
  m_Layer: 0
  m_Name: Head
  m_TagString: Untagged
  m_Icon: {fileID: 0}
  m_NavMeshLayer: 0
  m_StaticEditorFlags: 0
  m_IsActive: 1
--- !u!4 &3195108376674691549
Transform:
  m_ObjectHideFlags: 0
  m_CorrespondingSourceObject: {fileID: 0}
  m_PrefabInstance: {fileID: 0}
  m_PrefabAsset: {fileID: 0}
  m_GameObject: {fileID: 896565762441087383}
  m_LocalRotation: {x: 0.23517288, y: 0.00025606187, z: 0.00022356678, w: 0.9719535}
  m_LocalPosition: {x: -6.252776e-14, y: 0.000787792, z: -1.859038e-10}
  m_LocalScale: {x: 0.9999999, y: 1.0000001, z: 0.9999999}
  m_Children:
  - {fileID: 3802476032334550523}
  - {fileID: 865935301877569616}
  - {fileID: 9192380393551586510}
  m_Father: {fileID: 1699209287611359386}
  m_RootOrder: 0
  m_LocalEulerAnglesHint: {x: 0, y: 0, z: 0}
--- !u!1 &1102009227303628161
GameObject:
  m_ObjectHideFlags: 0
  m_CorrespondingSourceObject: {fileID: 0}
  m_PrefabInstance: {fileID: 0}
  m_PrefabAsset: {fileID: 0}
  serializedVersion: 6
  m_Component:
  - component: {fileID: 8608344775411158179}
  m_Layer: 0
  m_Name: LeftHandIndex1
  m_TagString: Untagged
  m_Icon: {fileID: 0}
  m_NavMeshLayer: 0
  m_StaticEditorFlags: 0
  m_IsActive: 1
--- !u!4 &8608344775411158179
Transform:
  m_ObjectHideFlags: 0
  m_CorrespondingSourceObject: {fileID: 0}
  m_PrefabInstance: {fileID: 0}
  m_PrefabAsset: {fileID: 0}
  m_GameObject: {fileID: 1102009227303628161}
  m_LocalRotation: {x: 0.018522685, y: 0.9822323, z: -0.17508385, w: 0.064979956}
  m_LocalPosition: {x: -0.0003948635, y: 0.0009068881, z: -0.00006396514}
  m_LocalScale: {x: 0.99999994, y: 0.9999997, z: 0.9999999}
  m_Children:
  - {fileID: 6974057634221984216}
  m_Father: {fileID: 6511577239976009626}
  m_RootOrder: 0
  m_LocalEulerAnglesHint: {x: 0, y: 0, z: 0}
--- !u!1 &1261984948806237962
GameObject:
  m_ObjectHideFlags: 0
  m_CorrespondingSourceObject: {fileID: 0}
  m_PrefabInstance: {fileID: 0}
  m_PrefabAsset: {fileID: 0}
  serializedVersion: 6
  m_Component:
  - component: {fileID: 3734816713632609256}
  m_Layer: 0
  m_Name: FrontRight3
  m_TagString: Untagged
  m_Icon: {fileID: 0}
  m_NavMeshLayer: 0
  m_StaticEditorFlags: 0
  m_IsActive: 1
--- !u!4 &3734816713632609256
Transform:
  m_ObjectHideFlags: 0
  m_CorrespondingSourceObject: {fileID: 0}
  m_PrefabInstance: {fileID: 0}
  m_PrefabAsset: {fileID: 0}
  m_GameObject: {fileID: 1261984948806237962}
  m_LocalRotation: {x: 0.03856444, y: 0.0091640875, z: -0.016572278, w: 0.99907666}
  m_LocalPosition: {x: 0.000000001434962, y: 0.000433425, z: 0.00000000650296}
  m_LocalScale: {x: 1, y: 0.9999999, z: 0.9999997}
  m_Children: []
  m_Father: {fileID: 8936511178170478197}
  m_RootOrder: 0
  m_LocalEulerAnglesHint: {x: 0, y: 0, z: 0}
--- !u!1 &1292207744440481633
GameObject:
  m_ObjectHideFlags: 0
  m_CorrespondingSourceObject: {fileID: 0}
  m_PrefabInstance: {fileID: 0}
  m_PrefabAsset: {fileID: 0}
  serializedVersion: 6
  m_Component:
  - component: {fileID: 7282226886195814759}
  m_Layer: 0
  m_Name: LeftHandThumb1
  m_TagString: Untagged
  m_Icon: {fileID: 0}
  m_NavMeshLayer: 0
  m_StaticEditorFlags: 0
  m_IsActive: 1
--- !u!4 &7282226886195814759
Transform:
  m_ObjectHideFlags: 0
  m_CorrespondingSourceObject: {fileID: 0}
  m_PrefabInstance: {fileID: 0}
  m_PrefabAsset: {fileID: 0}
  m_GameObject: {fileID: 1292207744440481633}
  m_LocalRotation: {x: -0.29466638, y: 0.6750802, z: -0.1735413, w: 0.6536986}
  m_LocalPosition: {x: -0.00047449468, y: 0.00027612085, z: -0.00011833173}
  m_LocalScale: {x: 0.99999994, y: 0.99999964, z: 0.9999999}
  m_Children:
  - {fileID: 331059474475474265}
  m_Father: {fileID: 6511577239976009626}
  m_RootOrder: 4
  m_LocalEulerAnglesHint: {x: 0, y: 0, z: 0}
--- !u!1 &1901786659176084811
GameObject:
  m_ObjectHideFlags: 0
  m_CorrespondingSourceObject: {fileID: 0}
  m_PrefabInstance: {fileID: 0}
  m_PrefabAsset: {fileID: 0}
  serializedVersion: 6
  m_Component:
  - component: {fileID: 1248012775840524962}
  m_Layer: 0
  m_Name: LeftHandMiddle3
  m_TagString: Untagged
  m_Icon: {fileID: 0}
  m_NavMeshLayer: 0
  m_StaticEditorFlags: 0
  m_IsActive: 1
--- !u!4 &1248012775840524962
Transform:
  m_ObjectHideFlags: 0
  m_CorrespondingSourceObject: {fileID: 0}
  m_PrefabInstance: {fileID: 0}
  m_PrefabAsset: {fileID: 0}
  m_GameObject: {fileID: 1901786659176084811}
  m_LocalRotation: {x: -0.057418536, y: 0.007308813, z: 0.005025346, w: 0.9983108}
  m_LocalPosition: {x: 1.4901161e-10, y: 0.00028837397, z: -2.6542693e-10}
  m_LocalScale: {x: 1, y: 0.99999976, z: 0.99999994}
  m_Children: []
  m_Father: {fileID: 6308873630941597148}
  m_RootOrder: 0
  m_LocalEulerAnglesHint: {x: 0, y: 0, z: 0}
--- !u!1 &1909805747146242327
GameObject:
  m_ObjectHideFlags: 0
  m_CorrespondingSourceObject: {fileID: 0}
  m_PrefabInstance: {fileID: 0}
  m_PrefabAsset: {fileID: 0}
  serializedVersion: 6
  m_Component:
  - component: {fileID: 7708383062231754958}
  m_Layer: 0
  m_Name: RightHandRing1
  m_TagString: Untagged
  m_Icon: {fileID: 0}
  m_NavMeshLayer: 0
  m_StaticEditorFlags: 0
  m_IsActive: 1
--- !u!4 &7708383062231754958
Transform:
  m_ObjectHideFlags: 0
  m_CorrespondingSourceObject: {fileID: 0}
  m_PrefabInstance: {fileID: 0}
  m_PrefabAsset: {fileID: 0}
  m_GameObject: {fileID: 1909805747146242327}
  m_LocalRotation: {x: 0.03441228, y: 0.9395327, z: -0.33028018, w: -0.08372043}
  m_LocalPosition: {x: -0.000077570454, y: 0.00081993453, z: -0.000030357978}
  m_LocalScale: {x: 1.0000004, y: 0.9999996, z: 1}
  m_Children:
  - {fileID: 2109947482484808584}
  m_Father: {fileID: 8625785923673783971}
  m_RootOrder: 3
  m_LocalEulerAnglesHint: {x: 0, y: 0, z: 0}
--- !u!1 &2232632084941755257
GameObject:
  m_ObjectHideFlags: 0
  m_CorrespondingSourceObject: {fileID: 0}
  m_PrefabInstance: {fileID: 0}
  m_PrefabAsset: {fileID: 0}
  serializedVersion: 6
  m_Component:
  - component: {fileID: 1397288105264260499}
  - component: {fileID: 3161813926642533342}
  m_Layer: 0
  m_Name: Hair
  m_TagString: Untagged
  m_Icon: {fileID: 0}
  m_NavMeshLayer: 0
  m_StaticEditorFlags: 0
  m_IsActive: 1
--- !u!4 &1397288105264260499
Transform:
  m_ObjectHideFlags: 0
  m_CorrespondingSourceObject: {fileID: 0}
  m_PrefabInstance: {fileID: 0}
  m_PrefabAsset: {fileID: 0}
  m_GameObject: {fileID: 2232632084941755257}
  m_LocalRotation: {x: -0.7071068, y: 0, z: -0, w: 0.7071067}
  m_LocalPosition: {x: -0.00000010585786, y: -0.0000004005432, z: 0.000000054806467}
  m_LocalScale: {x: 100, y: 100, z: 100}
  m_Children: []
  m_Father: {fileID: 4541228958716688762}
  m_RootOrder: 4
  m_LocalEulerAnglesHint: {x: 0, y: 0, z: 0}
--- !u!137 &3161813926642533342
SkinnedMeshRenderer:
  m_ObjectHideFlags: 0
  m_CorrespondingSourceObject: {fileID: 0}
  m_PrefabInstance: {fileID: 0}
  m_PrefabAsset: {fileID: 0}
  m_GameObject: {fileID: 2232632084941755257}
  m_Enabled: 1
  m_CastShadows: 1
  m_ReceiveShadows: 1
  m_DynamicOccludee: 1
  m_MotionVectors: 1
  m_LightProbeUsage: 1
  m_ReflectionProbeUsage: 1
  m_RayTracingMode: 3
  m_RayTraceProcedural: 0
  m_RenderingLayerMask: 1
  m_RendererPriority: 0
  m_Materials:
  - {fileID: 2100000, guid: 28120c0a4aa3ea84197cd7a792a9cfc0, type: 2}
  m_StaticBatchInfo:
    firstSubMesh: 0
    subMeshCount: 0
  m_StaticBatchRoot: {fileID: 0}
  m_ProbeAnchor: {fileID: 0}
  m_LightProbeVolumeOverride: {fileID: 0}
  m_ScaleInLightmap: 1
  m_ReceiveGI: 1
  m_PreserveUVs: 0
  m_IgnoreNormalsForChartDetection: 0
  m_ImportantGI: 0
  m_StitchLightmapSeams: 1
  m_SelectedEditorRenderState: 3
  m_MinimumChartSize: 4
  m_AutoUVMaxDistance: 0.5
  m_AutoUVMaxAngle: 89
  m_LightmapParameters: {fileID: 0}
  m_SortingLayerID: 0
  m_SortingLayer: 0
  m_SortingOrder: 0
  serializedVersion: 2
  m_Quality: 0
  m_UpdateWhenOffscreen: 0
  m_SkinnedMotionVectors: 1
  m_Mesh: {fileID: -3178576508544696699, guid: fb5c7b1fe986dcc42a97dbad84ab50df, type: 3}
  m_Bones:
  - {fileID: 819834117163354679}
  - {fileID: 4059791081257099804}
  - {fileID: 3142495050398906113}
  - {fileID: 2479127154783303735}
  - {fileID: 1699209287611359386}
  - {fileID: 3195108376674691549}
  - {fileID: 9192380393551586510}
  - {fileID: 865935301877569616}
  - {fileID: 3802476032334550523}
  - {fileID: 8173663317573629327}
  - {fileID: 7093233625330569454}
  - {fileID: 8936511178170478197}
  - {fileID: 3734816713632609256}
  - {fileID: 4289254672971156421}
  - {fileID: 1059695724357156684}
  - {fileID: 4052827758862981175}
  - {fileID: 5795144357900737501}
  - {fileID: 200378268410272571}
  - {fileID: 6703323426085179548}
  - {fileID: 833775664051672221}
  - {fileID: 3108071321944217941}
  - {fileID: 1121288316004239023}
  - {fileID: 9209738619621650136}
  - {fileID: 6437652689858513798}
  - {fileID: 6511577239976009626}
  - {fileID: 8608344775411158179}
  - {fileID: 6974057634221984216}
  - {fileID: 1698910298927742540}
  - {fileID: 7282226886195814759}
  - {fileID: 331059474475474265}
  - {fileID: 8613755906686499728}
  - {fileID: 4476982362065204086}
  - {fileID: 6308873630941597148}
  - {fileID: 1248012775840524962}
  - {fileID: 843707827570876765}
  - {fileID: 9006183806569051148}
  - {fileID: 2898986275600786852}
  - {fileID: 8522511649116359147}
  - {fileID: 2160980186925977260}
  - {fileID: 7513964191220897263}
  - {fileID: 8012876704119408003}
  - {fileID: 3291553873258466011}
  - {fileID: 9045511846964102214}
  - {fileID: 8625785923673783971}
  - {fileID: 6603380188402990478}
  - {fileID: 6523753439950296280}
  - {fileID: 6216846528101323171}
  - {fileID: 2199131752947917429}
  - {fileID: 4841106877827447101}
  - {fileID: 8904956635382633201}
  - {fileID: 5108365934280130112}
  - {fileID: 597523523912283538}
  - {fileID: 811037812954265762}
  - {fileID: 7708383062231754958}
  - {fileID: 2109947482484808584}
  - {fileID: 1082115857681844273}
  - {fileID: 6043175611668173584}
  - {fileID: 2497584044744697365}
  - {fileID: 8483931125544282154}
  - {fileID: 1999694891517058941}
  - {fileID: 8338631644355397627}
  - {fileID: 7971825553939378117}
  - {fileID: 1169421903747977435}
  - {fileID: 7857562719146729634}
  - {fileID: 3166438847639979262}
  - {fileID: 4722160773302980109}
  - {fileID: 647499656718248076}
  m_BlendShapeWeights: []
  m_RootBone: {fileID: 819834117163354679}
  m_AABB:
    m_Center: {x: 0.000100714795, y: 0.0070126797, z: -0.0002408938}
    m_Extent: {x: 0.0010191016, y: 0.0015386785, z: 0.0014794278}
  m_DirtyAABB: 0
--- !u!1 &2236540392916194617
GameObject:
  m_ObjectHideFlags: 0
  m_CorrespondingSourceObject: {fileID: 0}
  m_PrefabInstance: {fileID: 0}
  m_PrefabAsset: {fileID: 0}
  serializedVersion: 6
  m_Component:
  - component: {fileID: 6216846528101323171}
  m_Layer: 0
  m_Name: RightHandIndex3
  m_TagString: Untagged
  m_Icon: {fileID: 0}
  m_NavMeshLayer: 0
  m_StaticEditorFlags: 0
  m_IsActive: 1
--- !u!4 &6216846528101323171
Transform:
  m_ObjectHideFlags: 0
  m_CorrespondingSourceObject: {fileID: 0}
  m_PrefabInstance: {fileID: 0}
  m_PrefabAsset: {fileID: 0}
  m_GameObject: {fileID: 2236540392916194617}
  m_LocalRotation: {x: 0.03379134, y: -0.058998063, z: -0.006868837, w: 0.99766237}
  m_LocalPosition: {x: 7.45058e-10, y: 0.00021839757, z: 7.543713e-10}
  m_LocalScale: {x: 1, y: 0.9999998, z: 0.99999976}
  m_Children: []
  m_Father: {fileID: 6523753439950296280}
  m_RootOrder: 0
  m_LocalEulerAnglesHint: {x: 0, y: 0, z: 0}
--- !u!1 &2274671598285264416
GameObject:
  m_ObjectHideFlags: 0
  m_CorrespondingSourceObject: {fileID: 0}
  m_PrefabInstance: {fileID: 0}
  m_PrefabAsset: {fileID: 0}
  serializedVersion: 6
  m_Component:
  - component: {fileID: 8483931125544282154}
  m_Layer: 0
  m_Name: RightHandPinky3
  m_TagString: Untagged
  m_Icon: {fileID: 0}
  m_NavMeshLayer: 0
  m_StaticEditorFlags: 0
  m_IsActive: 1
--- !u!4 &8483931125544282154
Transform:
  m_ObjectHideFlags: 0
  m_CorrespondingSourceObject: {fileID: 0}
  m_PrefabInstance: {fileID: 0}
  m_PrefabAsset: {fileID: 0}
  m_GameObject: {fileID: 2274671598285264416}
  m_LocalRotation: {x: 0.048464432, y: -0.14169629, z: -0.013076994, w: 0.9886367}
  m_LocalPosition: {x: -1.4901161e-10, y: 0.00017785742, z: -2.6077032e-10}
  m_LocalScale: {x: 0.99999976, y: 0.99999964, z: 0.99999976}
  m_Children: []
  m_Father: {fileID: 2497584044744697365}
  m_RootOrder: 0
  m_LocalEulerAnglesHint: {x: 0, y: 0, z: 0}
--- !u!1 &2602815147528463803
GameObject:
  m_ObjectHideFlags: 0
  m_CorrespondingSourceObject: {fileID: 0}
  m_PrefabInstance: {fileID: 0}
  m_PrefabAsset: {fileID: 0}
  serializedVersion: 6
  m_Component:
  - component: {fileID: 8012876704119408003}
  m_Layer: 0
  m_Name: RightShoulder
  m_TagString: Untagged
  m_Icon: {fileID: 0}
  m_NavMeshLayer: 0
  m_StaticEditorFlags: 0
  m_IsActive: 1
--- !u!4 &8012876704119408003
Transform:
  m_ObjectHideFlags: 0
  m_CorrespondingSourceObject: {fileID: 0}
  m_PrefabInstance: {fileID: 0}
  m_PrefabAsset: {fileID: 0}
  m_GameObject: {fileID: 2602815147528463803}
  m_LocalRotation: {x: 0.60251856, y: 0.44647026, z: 0.51876986, w: -0.41050392}
  m_LocalPosition: {x: 0.0007217653, y: 0.0013836123, z: -0.0002969803}
  m_LocalScale: {x: 0.9999999, y: 0.9999999, z: 1}
  m_Children:
  - {fileID: 3291553873258466011}
  m_Father: {fileID: 2479127154783303735}
  m_RootOrder: 2
  m_LocalEulerAnglesHint: {x: 0, y: 0, z: 0}
--- !u!1 &2617309225299775022
GameObject:
  m_ObjectHideFlags: 0
  m_CorrespondingSourceObject: {fileID: 0}
  m_PrefabInstance: {fileID: 0}
  m_PrefabAsset: {fileID: 0}
  serializedVersion: 6
  m_Component:
  - component: {fileID: 8625785923673783971}
  m_Layer: 0
  m_Name: RightHand
  m_TagString: Untagged
  m_Icon: {fileID: 0}
  m_NavMeshLayer: 0
  m_StaticEditorFlags: 0
  m_IsActive: 1
--- !u!4 &8625785923673783971
Transform:
  m_ObjectHideFlags: 0
  m_CorrespondingSourceObject: {fileID: 0}
  m_PrefabInstance: {fileID: 0}
  m_PrefabAsset: {fileID: 0}
  m_GameObject: {fileID: 2617309225299775022}
  m_LocalRotation: {x: -0.009218941, y: -0.014092643, z: -0.020330597, w: 0.9996515}
  m_LocalPosition: {x: -1.5366822e-10, y: 0.002284367, z: -8.707866e-10}
  m_LocalScale: {x: 0.99999994, y: 1.0000004, z: 1}
  m_Children:
  - {fileID: 6603380188402990478}
  - {fileID: 5108365934280130112}
  - {fileID: 6043175611668173584}
  - {fileID: 7708383062231754958}
  - {fileID: 2199131752947917429}
  m_Father: {fileID: 9045511846964102214}
  m_RootOrder: 0
  m_LocalEulerAnglesHint: {x: 0, y: 0, z: 0}
--- !u!1 &2698249913419829573
GameObject:
  m_ObjectHideFlags: 0
  m_CorrespondingSourceObject: {fileID: 0}
  m_PrefabInstance: {fileID: 0}
  m_PrefabAsset: {fileID: 0}
  serializedVersion: 6
  m_Component:
  - component: {fileID: 5108365934280130112}
  m_Layer: 0
  m_Name: RightHandMiddle1
  m_TagString: Untagged
  m_Icon: {fileID: 0}
  m_NavMeshLayer: 0
  m_StaticEditorFlags: 0
  m_IsActive: 1
--- !u!4 &5108365934280130112
Transform:
  m_ObjectHideFlags: 0
  m_CorrespondingSourceObject: {fileID: 0}
  m_PrefabInstance: {fileID: 0}
  m_PrefabAsset: {fileID: 0}
  m_GameObject: {fileID: 2698249913419829573}
  m_LocalRotation: {x: 0.032620784, y: 0.94918066, z: -0.28650057, w: -0.1261325}
  m_LocalPosition: {x: 0.00013750486, y: 0.0008687486, z: -0.000006331289}
  m_LocalScale: {x: 0.99999994, y: 0.9999997, z: 1.0000001}
  m_Children:
  - {fileID: 597523523912283538}
  m_Father: {fileID: 8625785923673783971}
  m_RootOrder: 1
  m_LocalEulerAnglesHint: {x: 0, y: 0, z: 0}
--- !u!1 &2725437823690122684
GameObject:
  m_ObjectHideFlags: 0
  m_CorrespondingSourceObject: {fileID: 0}
  m_PrefabInstance: {fileID: 0}
  m_PrefabAsset: {fileID: 0}
  serializedVersion: 6
  m_Component:
  - component: {fileID: 3166438847639979262}
  m_Layer: 0
  m_Name: RightLeg
  m_TagString: Untagged
  m_Icon: {fileID: 0}
  m_NavMeshLayer: 0
  m_StaticEditorFlags: 0
  m_IsActive: 1
--- !u!4 &3166438847639979262
Transform:
  m_ObjectHideFlags: 0
  m_CorrespondingSourceObject: {fileID: 0}
  m_PrefabInstance: {fileID: 0}
  m_PrefabAsset: {fileID: 0}
  m_GameObject: {fileID: 2725437823690122684}
  m_LocalRotation: {x: 0.019967716, y: 0.017461054, z: -0.018225813, w: 0.999482}
  m_LocalPosition: {x: 4.1909514e-11, y: 0.004621196, z: -1.5133991e-11}
  m_LocalScale: {x: 0.99999994, y: 1.0000002, z: 1.0000001}
  m_Children:
  - {fileID: 4722160773302980109}
  m_Father: {fileID: 7857562719146729634}
  m_RootOrder: 0
  m_LocalEulerAnglesHint: {x: 0, y: 0, z: 0}
--- !u!1 &3318056770717363123
GameObject:
  m_ObjectHideFlags: 0
  m_CorrespondingSourceObject: {fileID: 0}
  m_PrefabInstance: {fileID: 0}
  m_PrefabAsset: {fileID: 0}
  serializedVersion: 6
  m_Component:
  - component: {fileID: 5795144357900737501}
  m_Layer: 0
  m_Name: FrontRightB3
  m_TagString: Untagged
  m_Icon: {fileID: 0}
  m_NavMeshLayer: 0
  m_StaticEditorFlags: 0
  m_IsActive: 1
--- !u!4 &5795144357900737501
Transform:
  m_ObjectHideFlags: 0
  m_CorrespondingSourceObject: {fileID: 0}
  m_PrefabInstance: {fileID: 0}
  m_PrefabAsset: {fileID: 0}
  m_GameObject: {fileID: 3318056770717363123}
  m_LocalRotation: {x: 0.12485886, y: 0.007934353, z: 0.017166927, w: 0.9919943}
  m_LocalPosition: {x: 2.0489097e-10, y: 0.00042965368, z: -0.0000000020815059}
  m_LocalScale: {x: 0.99999976, y: 1.0000001, z: 0.9999996}
  m_Children: []
  m_Father: {fileID: 4052827758862981175}
  m_RootOrder: 0
  m_LocalEulerAnglesHint: {x: 0, y: 0, z: 0}
--- !u!1 &3357268811468040333
GameObject:
  m_ObjectHideFlags: 0
  m_CorrespondingSourceObject: {fileID: 0}
  m_PrefabInstance: {fileID: 0}
  m_PrefabAsset: {fileID: 0}
  serializedVersion: 6
  m_Component:
  - component: {fileID: 8173663317573629327}
  m_Layer: 0
  m_Name: FrontRight
  m_TagString: Untagged
  m_Icon: {fileID: 0}
  m_NavMeshLayer: 0
  m_StaticEditorFlags: 0
  m_IsActive: 1
--- !u!4 &8173663317573629327
Transform:
  m_ObjectHideFlags: 0
  m_CorrespondingSourceObject: {fileID: 0}
  m_PrefabInstance: {fileID: 0}
  m_PrefabAsset: {fileID: 0}
  m_GameObject: {fileID: 3357268811468040333}
  m_LocalRotation: {x: -0.07119744, y: 0.03300842, z: -0.6086278, w: 0.78956544}
  m_LocalPosition: {x: 0.000000060501094, y: -0.0008335175, z: 0.0012235446}
  m_LocalScale: {x: 0.99999946, y: 0.9999999, z: 0.9999999}
  m_Children:
  - {fileID: 7093233625330569454}
  m_Father: {fileID: 3802476032334550523}
  m_RootOrder: 1
  m_LocalEulerAnglesHint: {x: 0, y: 0, z: 0}
--- !u!1 &3359604005505384404
GameObject:
  m_ObjectHideFlags: 0
  m_CorrespondingSourceObject: {fileID: 0}
  m_PrefabInstance: {fileID: 0}
  m_PrefabAsset: {fileID: 0}
  serializedVersion: 6
  m_Component:
  - component: {fileID: 865935301877569616}
  m_Layer: 0
  m_Name: LeftEye
  m_TagString: Untagged
  m_Icon: {fileID: 0}
  m_NavMeshLayer: 0
  m_StaticEditorFlags: 0
  m_IsActive: 1
--- !u!4 &865935301877569616
Transform:
  m_ObjectHideFlags: 0
  m_CorrespondingSourceObject: {fileID: 0}
  m_PrefabInstance: {fileID: 0}
  m_PrefabAsset: {fileID: 0}
  m_GameObject: {fileID: 3359604005505384404}
  m_LocalRotation: {x: 0.87686366, y: -0.000045140823, z: 0.00032103198, w: -0.4807391}
  m_LocalPosition: {x: -0.0003268565, y: 0.001159114, z: 0.00025820627}
  m_LocalScale: {x: 1.0000001, y: 0.9999999, z: 0.99999964}
  m_Children: []
  m_Father: {fileID: 3195108376674691549}
  m_RootOrder: 1
  m_LocalEulerAnglesHint: {x: 0, y: 0, z: 0}
--- !u!1 &3430793238916880379
GameObject:
  m_ObjectHideFlags: 0
  m_CorrespondingSourceObject: {fileID: 0}
  m_PrefabInstance: {fileID: 0}
  m_PrefabAsset: {fileID: 0}
  serializedVersion: 6
  m_Component:
  - component: {fileID: 9045511846964102214}
  m_Layer: 0
  m_Name: RightForeArm
  m_TagString: Untagged
  m_Icon: {fileID: 0}
  m_NavMeshLayer: 0
  m_StaticEditorFlags: 0
  m_IsActive: 1
--- !u!4 &9045511846964102214
Transform:
  m_ObjectHideFlags: 0
  m_CorrespondingSourceObject: {fileID: 0}
  m_PrefabInstance: {fileID: 0}
  m_PrefabAsset: {fileID: 0}
  m_GameObject: {fileID: 3430793238916880379}
  m_LocalRotation: {x: 0.0119921565, y: 0.0136363525, z: 0.0059447037, w: 0.99981743}
  m_LocalPosition: {x: 1.8626451e-11, y: 0.0027943929, z: -0.0000000013411044}
  m_LocalScale: {x: 0.9999998, y: 0.9999998, z: 0.9999999}
  m_Children:
  - {fileID: 8625785923673783971}
  m_Father: {fileID: 3291553873258466011}
  m_RootOrder: 0
  m_LocalEulerAnglesHint: {x: 0, y: 0, z: 0}
--- !u!1 &3477842675133972256
GameObject:
  m_ObjectHideFlags: 0
  m_CorrespondingSourceObject: {fileID: 0}
  m_PrefabInstance: {fileID: 0}
  m_PrefabAsset: {fileID: 0}
  serializedVersion: 6
  m_Component:
  - component: {fileID: 3108071321944217941}
  m_Layer: 0
  m_Name: FrontLeft3
  m_TagString: Untagged
  m_Icon: {fileID: 0}
  m_NavMeshLayer: 0
  m_StaticEditorFlags: 0
  m_IsActive: 1
--- !u!4 &3108071321944217941
Transform:
  m_ObjectHideFlags: 0
  m_CorrespondingSourceObject: {fileID: 0}
  m_PrefabInstance: {fileID: 0}
  m_PrefabAsset: {fileID: 0}
  m_GameObject: {fileID: 3477842675133972256}
  m_LocalRotation: {x: 0.14394493, y: 0.06386031, z: 0.08662738, w: 0.98371613}
  m_LocalPosition: {x: 2.3283064e-10, y: 0.00030741811, z: -4.8894433e-10}
  m_LocalScale: {x: 1, y: 0.9999998, z: 0.99999964}
  m_Children: []
  m_Father: {fileID: 833775664051672221}
  m_RootOrder: 0
  m_LocalEulerAnglesHint: {x: 0, y: 0, z: 0}
--- !u!1 &3485502345975986937
GameObject:
  m_ObjectHideFlags: 0
  m_CorrespondingSourceObject: {fileID: 0}
  m_PrefabInstance: {fileID: 0}
  m_PrefabAsset: {fileID: 0}
  serializedVersion: 6
  m_Component:
  - component: {fileID: 97444294446847147}
  - component: {fileID: 3327783761479582659}
  m_Layer: 0
  m_Name: Body
  m_TagString: Untagged
  m_Icon: {fileID: 0}
  m_NavMeshLayer: 0
  m_StaticEditorFlags: 0
  m_IsActive: 1
--- !u!4 &97444294446847147
Transform:
  m_ObjectHideFlags: 0
  m_CorrespondingSourceObject: {fileID: 0}
  m_PrefabInstance: {fileID: 0}
  m_PrefabAsset: {fileID: 0}
  m_GameObject: {fileID: 3485502345975986937}
  m_LocalRotation: {x: -0.7071068, y: 0, z: -0, w: 0.7071067}
  m_LocalPosition: {x: -0.00000010442734, y: -0.00000011444091, z: -0.00000003656745}
  m_LocalScale: {x: 100, y: 100, z: 100}
  m_Children: []
  m_Father: {fileID: 4541228958716688762}
  m_RootOrder: 1
  m_LocalEulerAnglesHint: {x: 0, y: 0, z: 0}
--- !u!137 &3327783761479582659
SkinnedMeshRenderer:
  m_ObjectHideFlags: 0
  m_CorrespondingSourceObject: {fileID: 0}
  m_PrefabInstance: {fileID: 0}
  m_PrefabAsset: {fileID: 0}
  m_GameObject: {fileID: 3485502345975986937}
  m_Enabled: 1
  m_CastShadows: 1
  m_ReceiveShadows: 1
  m_DynamicOccludee: 1
  m_MotionVectors: 1
  m_LightProbeUsage: 1
  m_ReflectionProbeUsage: 1
  m_RayTracingMode: 3
  m_RayTraceProcedural: 0
  m_RenderingLayerMask: 1
  m_RendererPriority: 0
  m_Materials:
  - {fileID: 2100000, guid: c9f2118aab2617140879d9ab6ae676bd, type: 2}
  m_StaticBatchInfo:
    firstSubMesh: 0
    subMeshCount: 0
  m_StaticBatchRoot: {fileID: 0}
  m_ProbeAnchor: {fileID: 0}
  m_LightProbeVolumeOverride: {fileID: 0}
  m_ScaleInLightmap: 1
  m_ReceiveGI: 1
  m_PreserveUVs: 0
  m_IgnoreNormalsForChartDetection: 0
  m_ImportantGI: 0
  m_StitchLightmapSeams: 1
  m_SelectedEditorRenderState: 3
  m_MinimumChartSize: 4
  m_AutoUVMaxDistance: 0.5
  m_AutoUVMaxAngle: 89
  m_LightmapParameters: {fileID: 0}
  m_SortingLayerID: 0
  m_SortingLayer: 0
  m_SortingOrder: 0
  serializedVersion: 2
  m_Quality: 0
  m_UpdateWhenOffscreen: 0
  m_SkinnedMotionVectors: 1
  m_Mesh: {fileID: 2959467708922500008, guid: fb5c7b1fe986dcc42a97dbad84ab50df, type: 3}
  m_Bones:
  - {fileID: 819834117163354679}
  - {fileID: 4059791081257099804}
  - {fileID: 3142495050398906113}
  - {fileID: 2479127154783303735}
  - {fileID: 1699209287611359386}
  - {fileID: 3195108376674691549}
  - {fileID: 9192380393551586510}
  - {fileID: 865935301877569616}
  - {fileID: 3802476032334550523}
  - {fileID: 8173663317573629327}
  - {fileID: 7093233625330569454}
  - {fileID: 8936511178170478197}
  - {fileID: 3734816713632609256}
  - {fileID: 4289254672971156421}
  - {fileID: 1059695724357156684}
  - {fileID: 4052827758862981175}
  - {fileID: 5795144357900737501}
  - {fileID: 200378268410272571}
  - {fileID: 6703323426085179548}
  - {fileID: 833775664051672221}
  - {fileID: 3108071321944217941}
  - {fileID: 1121288316004239023}
  - {fileID: 9209738619621650136}
  - {fileID: 6437652689858513798}
  - {fileID: 6511577239976009626}
  - {fileID: 8608344775411158179}
  - {fileID: 6974057634221984216}
  - {fileID: 1698910298927742540}
  - {fileID: 7282226886195814759}
  - {fileID: 331059474475474265}
  - {fileID: 8613755906686499728}
  - {fileID: 4476982362065204086}
  - {fileID: 6308873630941597148}
  - {fileID: 1248012775840524962}
  - {fileID: 843707827570876765}
  - {fileID: 9006183806569051148}
  - {fileID: 2898986275600786852}
  - {fileID: 8522511649116359147}
  - {fileID: 2160980186925977260}
  - {fileID: 7513964191220897263}
  - {fileID: 8012876704119408003}
  - {fileID: 3291553873258466011}
  - {fileID: 9045511846964102214}
  - {fileID: 8625785923673783971}
  - {fileID: 6603380188402990478}
  - {fileID: 6523753439950296280}
  - {fileID: 6216846528101323171}
  - {fileID: 2199131752947917429}
  - {fileID: 4841106877827447101}
  - {fileID: 8904956635382633201}
  - {fileID: 5108365934280130112}
  - {fileID: 597523523912283538}
  - {fileID: 811037812954265762}
  - {fileID: 7708383062231754958}
  - {fileID: 2109947482484808584}
  - {fileID: 1082115857681844273}
  - {fileID: 6043175611668173584}
  - {fileID: 2497584044744697365}
  - {fileID: 8483931125544282154}
  - {fileID: 1999694891517058941}
  - {fileID: 8338631644355397627}
  - {fileID: 7971825553939378117}
  - {fileID: 1169421903747977435}
  - {fileID: 7857562719146729634}
  - {fileID: 3166438847639979262}
  - {fileID: 4722160773302980109}
  - {fileID: 647499656718248076}
  m_BlendShapeWeights: []
  m_RootBone: {fileID: 819834117163354679}
  m_AABB:
    m_Center: {x: -0.00000022619497, y: 0.006303427, z: 0.00008287048}
    m_Extent: {x: 0.0011593451, y: 0.0019432006, z: 0.001757676}
  m_DirtyAABB: 0
--- !u!1 &3544957644242796044
GameObject:
  m_ObjectHideFlags: 0
  m_CorrespondingSourceObject: {fileID: 0}
  m_PrefabInstance: {fileID: 0}
  m_PrefabAsset: {fileID: 0}
  serializedVersion: 6
  m_Component:
  - component: {fileID: 843707827570876765}
  m_Layer: 0
  m_Name: LeftHandRing1
  m_TagString: Untagged
  m_Icon: {fileID: 0}
  m_NavMeshLayer: 0
  m_StaticEditorFlags: 0
  m_IsActive: 1
--- !u!4 &843707827570876765
Transform:
  m_ObjectHideFlags: 0
  m_CorrespondingSourceObject: {fileID: 0}
  m_PrefabInstance: {fileID: 0}
  m_PrefabAsset: {fileID: 0}
  m_GameObject: {fileID: 3544957644242796044}
  m_LocalRotation: {x: 0.0031590513, y: 0.9429712, z: -0.33205852, w: -0.0230744}
  m_LocalPosition: {x: 0.00007757012, y: 0.00081993436, z: -0.000030361036}
  m_LocalScale: {x: 1.0000002, y: 1, z: 1.0000001}
  m_Children:
  - {fileID: 9006183806569051148}
  m_Father: {fileID: 6511577239976009626}
  m_RootOrder: 3
  m_LocalEulerAnglesHint: {x: 0, y: 0, z: 0}
--- !u!1 &3743982122869381229
GameObject:
  m_ObjectHideFlags: 0
  m_CorrespondingSourceObject: {fileID: 0}
  m_PrefabInstance: {fileID: 0}
  m_PrefabAsset: {fileID: 0}
  serializedVersion: 6
  m_Component:
  - component: {fileID: 819834117163354679}
  m_Layer: 0
  m_Name: Hips
  m_TagString: Untagged
  m_Icon: {fileID: 0}
  m_NavMeshLayer: 0
  m_StaticEditorFlags: 0
  m_IsActive: 1
--- !u!4 &819834117163354679
Transform:
  m_ObjectHideFlags: 0
  m_CorrespondingSourceObject: {fileID: 0}
  m_PrefabInstance: {fileID: 0}
  m_PrefabAsset: {fileID: 0}
  m_GameObject: {fileID: 3743982122869381229}
  m_LocalRotation: {x: 0.7071067, y: 3.9628682e-12, z: 0.000012141418, w: 0.7071068}
  m_LocalPosition: {x: -0.000000019062771, y: 0.0003002723, z: 0.01021089}
  m_LocalScale: {x: 1, y: 1, z: 1}
  m_Children:
  - {fileID: 1999694891517058941}
  - {fileID: 7857562719146729634}
  - {fileID: 4059791081257099804}
  m_Father: {fileID: 4878941009220577764}
  m_RootOrder: 0
  m_LocalEulerAnglesHint: {x: 0, y: 0, z: 0}
--- !u!1 &3769089584365183936
GameObject:
  m_ObjectHideFlags: 0
  m_CorrespondingSourceObject: {fileID: 0}
  m_PrefabInstance: {fileID: 0}
  m_PrefabAsset: {fileID: 0}
  serializedVersion: 6
  m_Component:
  - component: {fileID: 4541228958716688762}
  - component: {fileID: 7630649703481975552}
  m_Layer: 0
  m_Name: RhettCosmos_Wounded
  m_TagString: Untagged
  m_Icon: {fileID: 0}
  m_NavMeshLayer: 0
  m_StaticEditorFlags: 0
  m_IsActive: 1
--- !u!4 &4541228958716688762
Transform:
  m_ObjectHideFlags: 0
  m_CorrespondingSourceObject: {fileID: 0}
  m_PrefabInstance: {fileID: 0}
  m_PrefabAsset: {fileID: 0}
  m_GameObject: {fileID: 3769089584365183936}
  m_LocalRotation: {x: 0, y: 0, z: 0, w: 1}
  m_LocalPosition: {x: 0, y: 0, z: 0}
  m_LocalScale: {x: 1, y: 1, z: 1}
  m_Children:
  - {fileID: 4878941009220577764}
  - {fileID: 97444294446847147}
  - {fileID: 7985605323786100287}
  - {fileID: 8573236001918791274}
  - {fileID: 1397288105264260499}
  m_Father: {fileID: 0}
  m_RootOrder: 0
  m_LocalEulerAnglesHint: {x: 0, y: 0, z: 0}
--- !u!95 &7630649703481975552
Animator:
  serializedVersion: 3
  m_ObjectHideFlags: 0
  m_CorrespondingSourceObject: {fileID: 0}
  m_PrefabInstance: {fileID: 0}
  m_PrefabAsset: {fileID: 0}
  m_GameObject: {fileID: 3769089584365183936}
  m_Enabled: 1
  m_Avatar: {fileID: 9000000, guid: fb5c7b1fe986dcc42a97dbad84ab50df, type: 3}
  m_Controller: {fileID: 0}
  m_CullingMode: 1
  m_UpdateMode: 0
  m_ApplyRootMotion: 1
  m_LinearVelocityBlending: 0
  m_WarningMessage: 
  m_HasTransformHierarchy: 1
  m_AllowConstantClipSamplingOptimization: 1
  m_KeepAnimatorControllerStateOnDisable: 0
--- !u!1 &4055352717597428632
GameObject:
  m_ObjectHideFlags: 0
  m_CorrespondingSourceObject: {fileID: 0}
  m_PrefabInstance: {fileID: 0}
  m_PrefabAsset: {fileID: 0}
  serializedVersion: 6
  m_Component:
  - component: {fileID: 3802476032334550523}
  m_Layer: 0
  m_Name: HairBase
  m_TagString: Untagged
  m_Icon: {fileID: 0}
  m_NavMeshLayer: 0
  m_StaticEditorFlags: 0
  m_IsActive: 1
--- !u!4 &3802476032334550523
Transform:
  m_ObjectHideFlags: 0
  m_CorrespondingSourceObject: {fileID: 0}
  m_PrefabInstance: {fileID: 0}
  m_PrefabAsset: {fileID: 0}
  m_GameObject: {fileID: 4055352717597428632}
  m_LocalRotation: {x: -0.30765584, y: -0.00024295095, z: -0.00031056607, w: 0.9514977}
  m_LocalPosition: {x: 0.0000013556834, y: 0.0017403611, z: -0.0012101502}
  m_LocalScale: {x: 1.0000002, y: 1, z: 1.0000001}
  m_Children:
  - {fileID: 200378268410272571}
  - {fileID: 8173663317573629327}
  - {fileID: 4289254672971156421}
  m_Father: {fileID: 3195108376674691549}
  m_RootOrder: 0
  m_LocalEulerAnglesHint: {x: 0, y: 0, z: 0}
--- !u!1 &4277382897529562077
GameObject:
  m_ObjectHideFlags: 0
  m_CorrespondingSourceObject: {fileID: 0}
  m_PrefabInstance: {fileID: 0}
  m_PrefabAsset: {fileID: 0}
  serializedVersion: 6
  m_Component:
  - component: {fileID: 2109947482484808584}
  m_Layer: 0
  m_Name: RightHandRing2
  m_TagString: Untagged
  m_Icon: {fileID: 0}
  m_NavMeshLayer: 0
  m_StaticEditorFlags: 0
  m_IsActive: 1
--- !u!4 &2109947482484808584
Transform:
  m_ObjectHideFlags: 0
  m_CorrespondingSourceObject: {fileID: 0}
  m_PrefabInstance: {fileID: 0}
  m_PrefabAsset: {fileID: 0}
  m_GameObject: {fileID: 4277382897529562077}
  m_LocalRotation: {x: 0.054843612, y: -0.08236134, z: 0.00087817566, w: 0.995092}
  m_LocalPosition: {x: 0.000000001117587, y: 0.0005015494, z: 0.000000002440065}
  m_LocalScale: {x: 0.99999994, y: 0.9999999, z: 0.9999998}
  m_Children:
  - {fileID: 1082115857681844273}
  m_Father: {fileID: 7708383062231754958}
  m_RootOrder: 0
  m_LocalEulerAnglesHint: {x: 0, y: 0, z: 0}
--- !u!1 &4436081376938233935
GameObject:
  m_ObjectHideFlags: 0
  m_CorrespondingSourceObject: {fileID: 0}
  m_PrefabInstance: {fileID: 0}
  m_PrefabAsset: {fileID: 0}
  serializedVersion: 6
  m_Component:
  - component: {fileID: 8522511649116359147}
  m_Layer: 0
  m_Name: LeftHandPinky1
  m_TagString: Untagged
  m_Icon: {fileID: 0}
  m_NavMeshLayer: 0
  m_StaticEditorFlags: 0
  m_IsActive: 1
--- !u!4 &8522511649116359147
Transform:
  m_ObjectHideFlags: 0
  m_CorrespondingSourceObject: {fileID: 0}
  m_PrefabInstance: {fileID: 0}
  m_PrefabAsset: {fileID: 0}
  m_GameObject: {fileID: 4436081376938233935}
  m_LocalRotation: {x: 0.026778439, y: 0.9276659, z: -0.36371192, w: -0.08020305}
  m_LocalPosition: {x: 0.0002633018, y: 0.00079389213, z: -0.000108483124}
  m_LocalScale: {x: 0.9999998, y: 0.99999994, z: 0.9999999}
  m_Children:
  - {fileID: 2160980186925977260}
  m_Father: {fileID: 6511577239976009626}
  m_RootOrder: 2
  m_LocalEulerAnglesHint: {x: 0, y: 0, z: 0}
--- !u!1 &4600447590652138143
GameObject:
  m_ObjectHideFlags: 0
  m_CorrespondingSourceObject: {fileID: 0}
  m_PrefabInstance: {fileID: 0}
  m_PrefabAsset: {fileID: 0}
  serializedVersion: 6
  m_Component:
  - component: {fileID: 647499656718248076}
  m_Layer: 0
  m_Name: RightToes
  m_TagString: Untagged
  m_Icon: {fileID: 0}
  m_NavMeshLayer: 0
  m_StaticEditorFlags: 0
  m_IsActive: 1
--- !u!4 &647499656718248076
Transform:
  m_ObjectHideFlags: 0
  m_CorrespondingSourceObject: {fileID: 0}
  m_PrefabInstance: {fileID: 0}
  m_PrefabAsset: {fileID: 0}
  m_GameObject: {fileID: 4600447590652138143}
  m_LocalRotation: {x: -0.11339756, y: 0.93884134, z: -0.3140803, w: -0.08409283}
  m_LocalPosition: {x: -0.000000048750078, y: 0.0016650112, z: -0.00000005996786}
  m_LocalScale: {x: 0.9999996, y: 0.99999946, z: 0.9999995}
  m_Children: []
  m_Father: {fileID: 4722160773302980109}
  m_RootOrder: 0
  m_LocalEulerAnglesHint: {x: 0, y: 0, z: 0}
--- !u!1 &4604194980613618366
GameObject:
  m_ObjectHideFlags: 0
  m_CorrespondingSourceObject: {fileID: 0}
  m_PrefabInstance: {fileID: 0}
  m_PrefabAsset: {fileID: 0}
  serializedVersion: 6
  m_Component:
  - component: {fileID: 3142495050398906113}
  m_Layer: 0
  m_Name: Spine02
  m_TagString: Untagged
  m_Icon: {fileID: 0}
  m_NavMeshLayer: 0
  m_StaticEditorFlags: 0
  m_IsActive: 1
--- !u!4 &3142495050398906113
Transform:
  m_ObjectHideFlags: 0
  m_CorrespondingSourceObject: {fileID: 0}
  m_PrefabInstance: {fileID: 0}
  m_PrefabAsset: {fileID: 0}
  m_GameObject: {fileID: 4604194980613618366}
  m_LocalRotation: {x: -0.078990586, y: 0.000024780667, z: 0.000029943685, w: 0.99687535}
  m_LocalPosition: {x: 8.6605494e-11, y: 0.00093493273, z: -0.000000008062414}
  m_LocalScale: {x: 1, y: 1.0000001, z: 0.99999994}
  m_Children:
  - {fileID: 2479127154783303735}
  m_Father: {fileID: 4059791081257099804}
  m_RootOrder: 0
  m_LocalEulerAnglesHint: {x: 0, y: 0, z: 0}
--- !u!1 &4637415471620279158
GameObject:
  m_ObjectHideFlags: 0
  m_CorrespondingSourceObject: {fileID: 0}
  m_PrefabInstance: {fileID: 0}
  m_PrefabAsset: {fileID: 0}
  serializedVersion: 6
  m_Component:
  - component: {fileID: 8613755906686499728}
  m_Layer: 0
  m_Name: LeftHandThumb3
  m_TagString: Untagged
  m_Icon: {fileID: 0}
  m_NavMeshLayer: 0
  m_StaticEditorFlags: 0
  m_IsActive: 1
--- !u!4 &8613755906686499728
Transform:
  m_ObjectHideFlags: 0
  m_CorrespondingSourceObject: {fileID: 0}
  m_PrefabInstance: {fileID: 0}
  m_PrefabAsset: {fileID: 0}
  m_GameObject: {fileID: 4637415471620279158}
  m_LocalRotation: {x: 0.010801043, y: -0.008657468, z: -0.023007777, w: 0.99963945}
  m_LocalPosition: {x: 0.000000006551854, y: 0.00033217747, z: -0.0000000021420419}
  m_LocalScale: {x: 1, y: 1, z: 0.9999998}
  m_Children: []
  m_Father: {fileID: 331059474475474265}
  m_RootOrder: 0
  m_LocalEulerAnglesHint: {x: 0, y: 0, z: 0}
--- !u!1 &4913657085473263825
GameObject:
  m_ObjectHideFlags: 0
  m_CorrespondingSourceObject: {fileID: 0}
  m_PrefabInstance: {fileID: 0}
  m_PrefabAsset: {fileID: 0}
  serializedVersion: 6
  m_Component:
  - component: {fileID: 1699209287611359386}
  m_Layer: 0
  m_Name: Neck
  m_TagString: Untagged
  m_Icon: {fileID: 0}
  m_NavMeshLayer: 0
  m_StaticEditorFlags: 0
  m_IsActive: 1
--- !u!4 &1699209287611359386
Transform:
  m_ObjectHideFlags: 0
  m_CorrespondingSourceObject: {fileID: 0}
  m_PrefabInstance: {fileID: 0}
  m_PrefabAsset: {fileID: 0}
  m_GameObject: {fileID: 4913657085473263825}
  m_LocalRotation: {x: 0.13734153, y: 0.00004162802, z: 0.000037605903, w: 0.99052376}
  m_LocalPosition: {x: -8.867573e-14, y: 0.0015401873, z: -2.2564631e-10}
  m_LocalScale: {x: 1, y: 1, z: 0.9999999}
  m_Children:
  - {fileID: 3195108376674691549}
  m_Father: {fileID: 2479127154783303735}
  m_RootOrder: 1
  m_LocalEulerAnglesHint: {x: 0, y: 0, z: 0}
--- !u!1 &5062370727041825299
GameObject:
  m_ObjectHideFlags: 0
  m_CorrespondingSourceObject: {fileID: 0}
  m_PrefabInstance: {fileID: 0}
  m_PrefabAsset: {fileID: 0}
  serializedVersion: 6
  m_Component:
  - component: {fileID: 4841106877827447101}
  m_Layer: 0
  m_Name: RightHandThumb2
  m_TagString: Untagged
  m_Icon: {fileID: 0}
  m_NavMeshLayer: 0
  m_StaticEditorFlags: 0
  m_IsActive: 1
--- !u!4 &4841106877827447101
Transform:
  m_ObjectHideFlags: 0
  m_CorrespondingSourceObject: {fileID: 0}
  m_PrefabInstance: {fileID: 0}
  m_PrefabAsset: {fileID: 0}
  m_GameObject: {fileID: 5062370727041825299}
  m_LocalRotation: {x: -0.09425564, y: 0.29569948, z: -0.07083153, w: 0.9479771}
  m_LocalPosition: {x: -6.1467287e-10, y: 0.00033848992, z: -0.0000000017695129}
  m_LocalScale: {x: 0.99999994, y: 0.99999976, z: 1}
  m_Children:
  - {fileID: 8904956635382633201}
  m_Father: {fileID: 2199131752947917429}
  m_RootOrder: 0
  m_LocalEulerAnglesHint: {x: 0, y: 0, z: 0}
--- !u!1 &5175669772445075186
GameObject:
  m_ObjectHideFlags: 0
  m_CorrespondingSourceObject: {fileID: 0}
  m_PrefabInstance: {fileID: 0}
  m_PrefabAsset: {fileID: 0}
  serializedVersion: 6
  m_Component:
  - component: {fileID: 7093233625330569454}
  m_Layer: 0
  m_Name: FrontRight1
  m_TagString: Untagged
  m_Icon: {fileID: 0}
  m_NavMeshLayer: 0
  m_StaticEditorFlags: 0
  m_IsActive: 1
--- !u!4 &7093233625330569454
Transform:
  m_ObjectHideFlags: 0
  m_CorrespondingSourceObject: {fileID: 0}
  m_PrefabInstance: {fileID: 0}
  m_PrefabAsset: {fileID: 0}
  m_GameObject: {fileID: 5175669772445075186}
  m_LocalRotation: {x: -0.25531113, y: -0.6179407, z: 0.14884038, w: 0.7285685}
  m_LocalPosition: {x: 0.000000004924368, y: 0.00037652435, z: 1.7229468e-10}
  m_LocalScale: {x: 0.9999998, y: 1.0000001, z: 1.0000001}
  m_Children:
  - {fileID: 8936511178170478197}
  m_Father: {fileID: 8173663317573629327}
  m_RootOrder: 0
  m_LocalEulerAnglesHint: {x: 0, y: 0, z: 0}
--- !u!1 &5406296591799180492
GameObject:
  m_ObjectHideFlags: 0
  m_CorrespondingSourceObject: {fileID: 0}
  m_PrefabInstance: {fileID: 0}
  m_PrefabAsset: {fileID: 0}
  serializedVersion: 6
  m_Component:
  - component: {fileID: 7857562719146729634}
  m_Layer: 0
  m_Name: RightUpLeg
  m_TagString: Untagged
  m_Icon: {fileID: 0}
  m_NavMeshLayer: 0
  m_StaticEditorFlags: 0
  m_IsActive: 1
--- !u!4 &7857562719146729634
Transform:
  m_ObjectHideFlags: 0
  m_CorrespondingSourceObject: {fileID: 0}
  m_PrefabInstance: {fileID: 0}
  m_PrefabAsset: {fileID: 0}
  m_GameObject: {fileID: 5406296591799180492}
  m_LocalRotation: {x: 0.99984777, y: -0.009922385, z: -0.009829906, w: -0.010461308}
  m_LocalPosition: {x: 0.0009490483, y: -0.00033924228, z: -0.00004937595}
  m_LocalScale: {x: 0.99995404, y: 0.99999994, z: 0.9999508}
  m_Children:
  - {fileID: 3166438847639979262}
  m_Father: {fileID: 819834117163354679}
  m_RootOrder: 1
  m_LocalEulerAnglesHint: {x: 0, y: 0, z: 0}
--- !u!1 &5429151557377476715
GameObject:
  m_ObjectHideFlags: 0
  m_CorrespondingSourceObject: {fileID: 0}
  m_PrefabInstance: {fileID: 0}
  m_PrefabAsset: {fileID: 0}
  serializedVersion: 6
  m_Component:
  - component: {fileID: 7971825553939378117}
  m_Layer: 0
  m_Name: LeftFoot
  m_TagString: Untagged
  m_Icon: {fileID: 0}
  m_NavMeshLayer: 0
  m_StaticEditorFlags: 0
  m_IsActive: 1
--- !u!4 &7971825553939378117
Transform:
  m_ObjectHideFlags: 0
  m_CorrespondingSourceObject: {fileID: 0}
  m_PrefabInstance: {fileID: 0}
  m_PrefabAsset: {fileID: 0}
  m_GameObject: {fileID: 5429151557377476715}
  m_LocalRotation: {x: -0.45886478, y: 0.087800056, z: -0.0857623, w: 0.87998813}
  m_LocalPosition: {x: 2.561137e-11, y: 0.004152465, z: 2.6775523e-11}
  m_LocalScale: {x: 0.9999997, y: 0.9999998, z: 0.99999976}
  m_Children:
  - {fileID: 1169421903747977435}
  m_Father: {fileID: 8338631644355397627}
  m_RootOrder: 0
  m_LocalEulerAnglesHint: {x: 0, y: 0, z: 0}
--- !u!1 &5605966031479647564
GameObject:
  m_ObjectHideFlags: 0
  m_CorrespondingSourceObject: {fileID: 0}
  m_PrefabInstance: {fileID: 0}
  m_PrefabAsset: {fileID: 0}
  serializedVersion: 6
  m_Component:
  - component: {fileID: 597523523912283538}
  m_Layer: 0
  m_Name: RightHandMiddle2
  m_TagString: Untagged
  m_Icon: {fileID: 0}
  m_NavMeshLayer: 0
  m_StaticEditorFlags: 0
  m_IsActive: 1
--- !u!4 &597523523912283538
Transform:
  m_ObjectHideFlags: 0
  m_CorrespondingSourceObject: {fileID: 0}
  m_PrefabInstance: {fileID: 0}
  m_PrefabAsset: {fileID: 0}
  m_GameObject: {fileID: 5605966031479647564}
  m_LocalRotation: {x: 0.15413037, y: -0.2510904, z: -0.0031647189, w: 0.9556084}
  m_LocalPosition: {x: 3.72529e-10, y: 0.00054338726, z: -0.0000000016391277}
  m_LocalScale: {x: 0.9999999, y: 0.99999964, z: 0.99999976}
  m_Children:
  - {fileID: 811037812954265762}
  m_Father: {fileID: 5108365934280130112}
  m_RootOrder: 0
  m_LocalEulerAnglesHint: {x: 0, y: 0, z: 0}
--- !u!1 &5714589449594461314
GameObject:
  m_ObjectHideFlags: 0
  m_CorrespondingSourceObject: {fileID: 0}
  m_PrefabInstance: {fileID: 0}
  m_PrefabAsset: {fileID: 0}
  serializedVersion: 6
  m_Component:
  - component: {fileID: 833775664051672221}
  m_Layer: 0
  m_Name: FrontLeft2
  m_TagString: Untagged
  m_Icon: {fileID: 0}
  m_NavMeshLayer: 0
  m_StaticEditorFlags: 0
  m_IsActive: 1
--- !u!4 &833775664051672221
Transform:
  m_ObjectHideFlags: 0
  m_CorrespondingSourceObject: {fileID: 0}
  m_PrefabInstance: {fileID: 0}
  m_PrefabAsset: {fileID: 0}
  m_GameObject: {fileID: 5714589449594461314}
  m_LocalRotation: {x: 0.29556626, y: 0.00851542, z: 0.05095564, w: 0.9539243}
  m_LocalPosition: {x: -3.7252902e-11, y: 0.00031844008, z: 0.0000000030128284}
  m_LocalScale: {x: 0.99999994, y: 1.0000001, z: 1.0000004}
  m_Children:
  - {fileID: 3108071321944217941}
  m_Father: {fileID: 6703323426085179548}
  m_RootOrder: 0
  m_LocalEulerAnglesHint: {x: 0, y: 0, z: 0}
--- !u!1 &5730207812123995759
GameObject:
  m_ObjectHideFlags: 0
  m_CorrespondingSourceObject: {fileID: 0}
  m_PrefabInstance: {fileID: 0}
  m_PrefabAsset: {fileID: 0}
  serializedVersion: 6
  m_Component:
  - component: {fileID: 4289254672971156421}
  m_Layer: 0
  m_Name: FrontRightB
  m_TagString: Untagged
  m_Icon: {fileID: 0}
  m_NavMeshLayer: 0
  m_StaticEditorFlags: 0
  m_IsActive: 1
--- !u!4 &4289254672971156421
Transform:
  m_ObjectHideFlags: 0
  m_CorrespondingSourceObject: {fileID: 0}
  m_PrefabInstance: {fileID: 0}
  m_PrefabAsset: {fileID: 0}
  m_GameObject: {fileID: 5730207812123995759}
  m_LocalRotation: {x: -0.076048605, y: 0.052123502, z: -0.4772129, w: 0.873938}
  m_LocalPosition: {x: 0.00000006055449, y: -0.0008335175, z: 0.0012235445}
  m_LocalScale: {x: 0.9999996, y: 1.0000001, z: 0.99999976}
  m_Children:
  - {fileID: 1059695724357156684}
  m_Father: {fileID: 3802476032334550523}
  m_RootOrder: 2
  m_LocalEulerAnglesHint: {x: 0, y: 0, z: 0}
--- !u!1 &5854551938585724658
GameObject:
  m_ObjectHideFlags: 0
  m_CorrespondingSourceObject: {fileID: 0}
  m_PrefabInstance: {fileID: 0}
  m_PrefabAsset: {fileID: 0}
  serializedVersion: 6
  m_Component:
  - component: {fileID: 331059474475474265}
  m_Layer: 0
  m_Name: LeftHandThumb2
  m_TagString: Untagged
  m_Icon: {fileID: 0}
  m_NavMeshLayer: 0
  m_StaticEditorFlags: 0
  m_IsActive: 1
--- !u!4 &331059474475474265
Transform:
  m_ObjectHideFlags: 0
  m_CorrespondingSourceObject: {fileID: 0}
  m_PrefabInstance: {fileID: 0}
  m_PrefabAsset: {fileID: 0}
  m_GameObject: {fileID: 5854551938585724658}
  m_LocalRotation: {x: -0.049970977, y: -0.05137621, z: 0.10678948, w: 0.9916952}
  m_LocalPosition: {x: 0.0000000010710209, y: 0.00033848727, z: -5.5879353e-11}
  m_LocalScale: {x: 0.9999995, y: 0.9999995, z: 0.9999994}
  m_Children:
  - {fileID: 8613755906686499728}
  m_Father: {fileID: 7282226886195814759}
  m_RootOrder: 0
  m_LocalEulerAnglesHint: {x: 0, y: 0, z: 0}
--- !u!1 &5906516264373338923
GameObject:
  m_ObjectHideFlags: 0
  m_CorrespondingSourceObject: {fileID: 0}
  m_PrefabInstance: {fileID: 0}
  m_PrefabAsset: {fileID: 0}
  serializedVersion: 6
  m_Component:
  - component: {fileID: 2497584044744697365}
  m_Layer: 0
  m_Name: RightHandPinky2
  m_TagString: Untagged
  m_Icon: {fileID: 0}
  m_NavMeshLayer: 0
  m_StaticEditorFlags: 0
  m_IsActive: 1
--- !u!4 &2497584044744697365
Transform:
  m_ObjectHideFlags: 0
  m_CorrespondingSourceObject: {fileID: 0}
  m_PrefabInstance: {fileID: 0}
  m_PrefabAsset: {fileID: 0}
  m_GameObject: {fileID: 5906516264373338923}
  m_LocalRotation: {x: 0.066905394, y: -0.08858161, z: 0.042642225, w: 0.9929041}
  m_LocalPosition: {x: -1.4901161e-10, y: 0.00034334316, z: -2.0489097e-10}
  m_LocalScale: {x: 0.99999994, y: 0.9999999, z: 1.0000004}
  m_Children:
  - {fileID: 8483931125544282154}
  m_Father: {fileID: 6043175611668173584}
  m_RootOrder: 0
  m_LocalEulerAnglesHint: {x: 0, y: 0, z: 0}
--- !u!1 &6041367758926299079
GameObject:
  m_ObjectHideFlags: 0
  m_CorrespondingSourceObject: {fileID: 0}
  m_PrefabInstance: {fileID: 0}
  m_PrefabAsset: {fileID: 0}
  serializedVersion: 6
  m_Component:
  - component: {fileID: 9209738619621650136}
  m_Layer: 0
  m_Name: LeftArm
  m_TagString: Untagged
  m_Icon: {fileID: 0}
  m_NavMeshLayer: 0
  m_StaticEditorFlags: 0
  m_IsActive: 1
--- !u!4 &9209738619621650136
Transform:
  m_ObjectHideFlags: 0
  m_CorrespondingSourceObject: {fileID: 0}
  m_PrefabInstance: {fileID: 0}
  m_PrefabAsset: {fileID: 0}
  m_GameObject: {fileID: 6041367758926299079}
  m_LocalRotation: {x: 0.14235017, y: -0.13449383, z: 0.029343829, w: 0.98019737}
  m_LocalPosition: {x: -1.8626451e-11, y: 0.0012065936, z: 0.0000000014528632}
  m_LocalScale: {x: 0.99999976, y: 1.0000001, z: 1}
  m_Children:
  - {fileID: 6437652689858513798}
  m_Father: {fileID: 1121288316004239023}
  m_RootOrder: 0
  m_LocalEulerAnglesHint: {x: 0, y: 0, z: 0}
--- !u!1 &6174674990934685011
GameObject:
  m_ObjectHideFlags: 0
  m_CorrespondingSourceObject: {fileID: 0}
  m_PrefabInstance: {fileID: 0}
  m_PrefabAsset: {fileID: 0}
  serializedVersion: 6
  m_Component:
  - component: {fileID: 4052827758862981175}
  m_Layer: 0
  m_Name: FrontRightB2
  m_TagString: Untagged
  m_Icon: {fileID: 0}
  m_NavMeshLayer: 0
  m_StaticEditorFlags: 0
  m_IsActive: 1
--- !u!4 &4052827758862981175
Transform:
  m_ObjectHideFlags: 0
  m_CorrespondingSourceObject: {fileID: 0}
  m_PrefabInstance: {fileID: 0}
  m_PrefabAsset: {fileID: 0}
  m_GameObject: {fileID: 6174674990934685011}
  m_LocalRotation: {x: -0.23164144, y: 0.0020085878, z: 0.09549582, w: 0.9681006}
  m_LocalPosition: {x: 2.2351741e-10, y: 0.0004510249, z: -0.0000000046472994}
  m_LocalScale: {x: 1.0000001, y: 1.0000002, z: 1.0000001}
  m_Children:
  - {fileID: 5795144357900737501}
  m_Father: {fileID: 1059695724357156684}
  m_RootOrder: 0
  m_LocalEulerAnglesHint: {x: 0, y: 0, z: 0}
--- !u!1 &6422781679521731444
GameObject:
  m_ObjectHideFlags: 0
  m_CorrespondingSourceObject: {fileID: 0}
  m_PrefabInstance: {fileID: 0}
  m_PrefabAsset: {fileID: 0}
  serializedVersion: 6
  m_Component:
  - component: {fileID: 7985605323786100287}
  - component: {fileID: 7435697694402793472}
  m_Layer: 0
  m_Name: Clothing
  m_TagString: Untagged
  m_Icon: {fileID: 0}
  m_NavMeshLayer: 0
  m_StaticEditorFlags: 0
  m_IsActive: 1
--- !u!4 &7985605323786100287
Transform:
  m_ObjectHideFlags: 0
  m_CorrespondingSourceObject: {fileID: 0}
  m_PrefabInstance: {fileID: 0}
  m_PrefabAsset: {fileID: 0}
  m_GameObject: {fileID: 6422781679521731444}
  m_LocalRotation: {x: -0.7071068, y: 0, z: -0, w: 0.7071067}
  m_LocalPosition: {x: -0.00000010442734, y: -0.00000011444091, z: -0.00000003656745}
  m_LocalScale: {x: 100, y: 100, z: 100}
  m_Children: []
  m_Father: {fileID: 4541228958716688762}
  m_RootOrder: 2
  m_LocalEulerAnglesHint: {x: 0, y: 0, z: 0}
--- !u!137 &7435697694402793472
SkinnedMeshRenderer:
  m_ObjectHideFlags: 0
  m_CorrespondingSourceObject: {fileID: 0}
  m_PrefabInstance: {fileID: 0}
  m_PrefabAsset: {fileID: 0}
  m_GameObject: {fileID: 6422781679521731444}
  m_Enabled: 1
  m_CastShadows: 1
  m_ReceiveShadows: 1
  m_DynamicOccludee: 1
  m_MotionVectors: 1
  m_LightProbeUsage: 1
  m_ReflectionProbeUsage: 1
  m_RayTracingMode: 3
  m_RayTraceProcedural: 0
  m_RenderingLayerMask: 1
  m_RendererPriority: 0
  m_Materials:
  - {fileID: 2100000, guid: cfc7744dddf49e64785e24e92640ba2b, type: 2}
  - {fileID: 2100000, guid: 6e5cc6dae7c0a1646b2e5565d5b576d5, type: 2}
  - {fileID: 2100000, guid: c9f2118aab2617140879d9ab6ae676bd, type: 2}
  m_StaticBatchInfo:
    firstSubMesh: 0
    subMeshCount: 0
  m_StaticBatchRoot: {fileID: 0}
  m_ProbeAnchor: {fileID: 0}
  m_LightProbeVolumeOverride: {fileID: 0}
  m_ScaleInLightmap: 1
  m_ReceiveGI: 1
  m_PreserveUVs: 0
  m_IgnoreNormalsForChartDetection: 0
  m_ImportantGI: 0
  m_StitchLightmapSeams: 1
  m_SelectedEditorRenderState: 3
  m_MinimumChartSize: 4
  m_AutoUVMaxDistance: 0.5
  m_AutoUVMaxAngle: 89
  m_LightmapParameters: {fileID: 0}
  m_SortingLayerID: 0
  m_SortingLayer: 0
  m_SortingOrder: 0
  serializedVersion: 2
  m_Quality: 0
  m_UpdateWhenOffscreen: 0
  m_SkinnedMotionVectors: 1
  m_Mesh: {fileID: -3979876171712677494, guid: fb5c7b1fe986dcc42a97dbad84ab50df, type: 3}
  m_Bones:
  - {fileID: 819834117163354679}
  - {fileID: 4059791081257099804}
  - {fileID: 3142495050398906113}
  - {fileID: 2479127154783303735}
  - {fileID: 1699209287611359386}
  - {fileID: 3195108376674691549}
  - {fileID: 9192380393551586510}
  - {fileID: 865935301877569616}
  - {fileID: 3802476032334550523}
  - {fileID: 8173663317573629327}
  - {fileID: 7093233625330569454}
  - {fileID: 8936511178170478197}
  - {fileID: 3734816713632609256}
  - {fileID: 4289254672971156421}
  - {fileID: 1059695724357156684}
  - {fileID: 4052827758862981175}
  - {fileID: 5795144357900737501}
  - {fileID: 200378268410272571}
  - {fileID: 6703323426085179548}
  - {fileID: 833775664051672221}
  - {fileID: 3108071321944217941}
  - {fileID: 1121288316004239023}
  - {fileID: 9209738619621650136}
  - {fileID: 6437652689858513798}
  - {fileID: 6511577239976009626}
  - {fileID: 8608344775411158179}
  - {fileID: 6974057634221984216}
  - {fileID: 1698910298927742540}
  - {fileID: 7282226886195814759}
  - {fileID: 331059474475474265}
  - {fileID: 8613755906686499728}
  - {fileID: 4476982362065204086}
  - {fileID: 6308873630941597148}
  - {fileID: 1248012775840524962}
  - {fileID: 843707827570876765}
  - {fileID: 9006183806569051148}
  - {fileID: 2898986275600786852}
  - {fileID: 8522511649116359147}
  - {fileID: 2160980186925977260}
  - {fileID: 7513964191220897263}
  - {fileID: 8012876704119408003}
  - {fileID: 3291553873258466011}
  - {fileID: 9045511846964102214}
  - {fileID: 8625785923673783971}
  - {fileID: 6603380188402990478}
  - {fileID: 6523753439950296280}
  - {fileID: 6216846528101323171}
  - {fileID: 2199131752947917429}
  - {fileID: 4841106877827447101}
  - {fileID: 8904956635382633201}
  - {fileID: 5108365934280130112}
  - {fileID: 597523523912283538}
  - {fileID: 811037812954265762}
  - {fileID: 7708383062231754958}
  - {fileID: 2109947482484808584}
  - {fileID: 1082115857681844273}
  - {fileID: 6043175611668173584}
  - {fileID: 2497584044744697365}
  - {fileID: 8483931125544282154}
  - {fileID: 1999694891517058941}
  - {fileID: 8338631644355397627}
  - {fileID: 7971825553939378117}
  - {fileID: 1169421903747977435}
  - {fileID: 7857562719146729634}
  - {fileID: 3166438847639979262}
  - {fileID: 4722160773302980109}
  - {fileID: 647499656718248076}
  m_BlendShapeWeights: []
  m_RootBone: {fileID: 819834117163354679}
  m_AABB:
    m_Center: {x: 0.00000056810677, y: -0.0025849543, z: -0.00013559719}
    m_Extent: {x: 0.008693456, y: 0.008673016, z: 0.0018521923}
  m_DirtyAABB: 0
--- !u!1 &6425142076544574382
GameObject:
  m_ObjectHideFlags: 0
  m_CorrespondingSourceObject: {fileID: 0}
  m_PrefabInstance: {fileID: 0}
  m_PrefabAsset: {fileID: 0}
  serializedVersion: 6
  m_Component:
  - component: {fileID: 4878941009220577764}
  m_Layer: 0
  m_Name: Armature
  m_TagString: Untagged
  m_Icon: {fileID: 0}
  m_NavMeshLayer: 0
  m_StaticEditorFlags: 0
  m_IsActive: 1
--- !u!4 &4878941009220577764
Transform:
  m_ObjectHideFlags: 0
  m_CorrespondingSourceObject: {fileID: 0}
  m_PrefabInstance: {fileID: 0}
  m_PrefabAsset: {fileID: 0}
  m_GameObject: {fileID: 6425142076544574382}
  m_LocalRotation: {x: -0.7071068, y: 0, z: -0, w: 0.7071067}
  m_LocalPosition: {x: -0, y: 0, z: 0}
  m_LocalScale: {x: 100, y: 100, z: 100}
  m_Children:
  - {fileID: 819834117163354679}
  m_Father: {fileID: 4541228958716688762}
  m_RootOrder: 0
  m_LocalEulerAnglesHint: {x: 0, y: 0, z: 0}
--- !u!1 &6633004716472589306
GameObject:
  m_ObjectHideFlags: 0
  m_CorrespondingSourceObject: {fileID: 0}
  m_PrefabInstance: {fileID: 0}
  m_PrefabAsset: {fileID: 0}
  serializedVersion: 6
  m_Component:
  - component: {fileID: 1082115857681844273}
  m_Layer: 0
  m_Name: RightHandRing3
  m_TagString: Untagged
  m_Icon: {fileID: 0}
  m_NavMeshLayer: 0
  m_StaticEditorFlags: 0
  m_IsActive: 1
--- !u!4 &1082115857681844273
Transform:
  m_ObjectHideFlags: 0
  m_CorrespondingSourceObject: {fileID: 0}
  m_PrefabInstance: {fileID: 0}
  m_PrefabAsset: {fileID: 0}
  m_GameObject: {fileID: 6633004716472589306}
  m_LocalRotation: {x: 0.11030599, y: -0.28521886, z: -0.02227691, w: 0.95183325}
  m_LocalPosition: {x: 2.9802322e-10, y: 0.00020447333, z: -0.0000000010756775}
  m_LocalScale: {x: 1.0000001, y: 1, z: 1}
  m_Children: []
  m_Father: {fileID: 2109947482484808584}
  m_RootOrder: 0
  m_LocalEulerAnglesHint: {x: 0, y: 0, z: 0}
--- !u!1 &6883762669683870659
GameObject:
  m_ObjectHideFlags: 0
  m_CorrespondingSourceObject: {fileID: 0}
  m_PrefabInstance: {fileID: 0}
  m_PrefabAsset: {fileID: 0}
  serializedVersion: 6
  m_Component:
  - component: {fileID: 1121288316004239023}
  m_Layer: 0
  m_Name: LeftShoulder
  m_TagString: Untagged
  m_Icon: {fileID: 0}
  m_NavMeshLayer: 0
  m_StaticEditorFlags: 0
  m_IsActive: 1
--- !u!4 &1121288316004239023
Transform:
  m_ObjectHideFlags: 0
  m_CorrespondingSourceObject: {fileID: 0}
  m_PrefabInstance: {fileID: 0}
  m_PrefabAsset: {fileID: 0}
  m_GameObject: {fileID: 6883762669683870659}
  m_LocalRotation: {x: 0.60331863, y: -0.44540378, z: -0.5176185, w: -0.41193843}
  m_LocalPosition: {x: -0.0007218495, y: 0.0013838669, z: -0.000299687}
  m_LocalScale: {x: 1.0000002, y: 1.0000002, z: 1}
  m_Children:
  - {fileID: 9209738619621650136}
  m_Father: {fileID: 2479127154783303735}
  m_RootOrder: 0
  m_LocalEulerAnglesHint: {x: 0, y: 0, z: 0}
--- !u!1 &6988251761258440401
GameObject:
  m_ObjectHideFlags: 0
  m_CorrespondingSourceObject: {fileID: 0}
  m_PrefabInstance: {fileID: 0}
  m_PrefabAsset: {fileID: 0}
  serializedVersion: 6
  m_Component:
  - component: {fileID: 2479127154783303735}
  m_Layer: 0
  m_Name: Spine03
  m_TagString: Untagged
  m_Icon: {fileID: 0}
  m_NavMeshLayer: 0
  m_StaticEditorFlags: 0
  m_IsActive: 1
--- !u!4 &2479127154783303735
Transform:
  m_ObjectHideFlags: 0
  m_CorrespondingSourceObject: {fileID: 0}
  m_PrefabInstance: {fileID: 0}
  m_PrefabAsset: {fileID: 0}
  m_GameObject: {fileID: 6988251761258440401}
  m_LocalRotation: {x: 0.030230971, y: -0.000029564048, z: -0.000035705485, w: 0.99954295}
  m_LocalPosition: {x: -0.000000021169273, y: 0.0013316997, z: -0.00000014930961}
  m_LocalScale: {x: 1, y: 1.0000001, z: 1.0000002}
  m_Children:
  - {fileID: 1121288316004239023}
  - {fileID: 1699209287611359386}
  - {fileID: 8012876704119408003}
  m_Father: {fileID: 3142495050398906113}
  m_RootOrder: 0
  m_LocalEulerAnglesHint: {x: 0, y: 0, z: 0}
--- !u!1 &6995620628085652593
GameObject:
  m_ObjectHideFlags: 0
  m_CorrespondingSourceObject: {fileID: 0}
  m_PrefabInstance: {fileID: 0}
  m_PrefabAsset: {fileID: 0}
  serializedVersion: 6
  m_Component:
  - component: {fileID: 6511577239976009626}
  m_Layer: 0
  m_Name: LeftHand
  m_TagString: Untagged
  m_Icon: {fileID: 0}
  m_NavMeshLayer: 0
  m_StaticEditorFlags: 0
  m_IsActive: 1
--- !u!4 &6511577239976009626
Transform:
  m_ObjectHideFlags: 0
  m_CorrespondingSourceObject: {fileID: 0}
  m_PrefabInstance: {fileID: 0}
  m_PrefabAsset: {fileID: 0}
  m_GameObject: {fileID: 6995620628085652593}
  m_LocalRotation: {x: -0.009214677, y: 0.014088525, z: 0.020330481, w: 0.9996516}
  m_LocalPosition: {x: -1.4901161e-10, y: 0.0022843701, z: 0.0000000010663643}
  m_LocalScale: {x: 1, y: 0.9999997, z: 1}
  m_Children:
  - {fileID: 8608344775411158179}
  - {fileID: 4476982362065204086}
  - {fileID: 8522511649116359147}
  - {fileID: 843707827570876765}
  - {fileID: 7282226886195814759}
  m_Father: {fileID: 6437652689858513798}
  m_RootOrder: 0
  m_LocalEulerAnglesHint: {x: 0, y: 0, z: 0}
--- !u!1 &7237794225507362783
GameObject:
  m_ObjectHideFlags: 0
  m_CorrespondingSourceObject: {fileID: 0}
  m_PrefabInstance: {fileID: 0}
  m_PrefabAsset: {fileID: 0}
  serializedVersion: 6
  m_Component:
  - component: {fileID: 1059695724357156684}
  m_Layer: 0
  m_Name: FrontRightB1
  m_TagString: Untagged
  m_Icon: {fileID: 0}
  m_NavMeshLayer: 0
  m_StaticEditorFlags: 0
  m_IsActive: 1
--- !u!4 &1059695724357156684
Transform:
  m_ObjectHideFlags: 0
  m_CorrespondingSourceObject: {fileID: 0}
  m_PrefabInstance: {fileID: 0}
  m_PrefabAsset: {fileID: 0}
  m_GameObject: {fileID: 7237794225507362783}
  m_LocalRotation: {x: -0.31734538, y: -0.5511076, z: 0.11228649, w: 0.76352084}
  m_LocalPosition: {x: -6.984919e-12, y: 0.00037652545, z: 1.3969838e-10}
  m_LocalScale: {x: 0.9999999, y: 1.0000001, z: 0.99999994}
  m_Children:
  - {fileID: 4052827758862981175}
  m_Father: {fileID: 4289254672971156421}
  m_RootOrder: 0
  m_LocalEulerAnglesHint: {x: 0, y: 0, z: 0}
--- !u!1 &7250181225047114823
GameObject:
  m_ObjectHideFlags: 0
  m_CorrespondingSourceObject: {fileID: 0}
  m_PrefabInstance: {fileID: 0}
  m_PrefabAsset: {fileID: 0}
  serializedVersion: 6
  m_Component:
  - component: {fileID: 8338631644355397627}
  m_Layer: 0
  m_Name: LeftLeg
  m_TagString: Untagged
  m_Icon: {fileID: 0}
  m_NavMeshLayer: 0
  m_StaticEditorFlags: 0
  m_IsActive: 1
--- !u!4 &8338631644355397627
Transform:
  m_ObjectHideFlags: 0
  m_CorrespondingSourceObject: {fileID: 0}
  m_PrefabInstance: {fileID: 0}
  m_PrefabAsset: {fileID: 0}
  m_GameObject: {fileID: 7250181225047114823}
  m_LocalRotation: {x: 0.019723069, y: -0.017462194, z: 0.018232673, w: 0.99948674}
  m_LocalPosition: {x: 4.1327438e-11, y: 0.004621244, z: -1.6298145e-11}
  m_LocalScale: {x: 1, y: 0.9999998, z: 0.9999995}
  m_Children:
  - {fileID: 7971825553939378117}
  m_Father: {fileID: 1999694891517058941}
  m_RootOrder: 0
  m_LocalEulerAnglesHint: {x: 0, y: 0, z: 0}
--- !u!1 &7272030790538128647
GameObject:
  m_ObjectHideFlags: 0
  m_CorrespondingSourceObject: {fileID: 0}
  m_PrefabInstance: {fileID: 0}
  m_PrefabAsset: {fileID: 0}
  serializedVersion: 6
  m_Component:
  - component: {fileID: 8573236001918791274}
  - component: {fileID: 1781353218462325959}
  m_Layer: 0
  m_Name: Eyes
  m_TagString: Untagged
  m_Icon: {fileID: 0}
  m_NavMeshLayer: 0
  m_StaticEditorFlags: 0
  m_IsActive: 1
--- !u!4 &8573236001918791274
Transform:
  m_ObjectHideFlags: 0
  m_CorrespondingSourceObject: {fileID: 0}
  m_PrefabInstance: {fileID: 0}
  m_PrefabAsset: {fileID: 0}
  m_GameObject: {fileID: 7272030790538128647}
  m_LocalRotation: {x: -0.7071068, y: 0, z: -0, w: 0.7071067}
  m_LocalPosition: {x: -0.00000010442734, y: -0.00000011444091, z: -0.00000003656745}
  m_LocalScale: {x: 100, y: 100, z: 100}
  m_Children: []
  m_Father: {fileID: 4541228958716688762}
  m_RootOrder: 3
  m_LocalEulerAnglesHint: {x: 0, y: 0, z: 0}
--- !u!137 &1781353218462325959
SkinnedMeshRenderer:
  m_ObjectHideFlags: 0
  m_CorrespondingSourceObject: {fileID: 0}
  m_PrefabInstance: {fileID: 0}
  m_PrefabAsset: {fileID: 0}
  m_GameObject: {fileID: 7272030790538128647}
  m_Enabled: 1
  m_CastShadows: 1
  m_ReceiveShadows: 1
  m_DynamicOccludee: 1
  m_MotionVectors: 1
  m_LightProbeUsage: 1
  m_ReflectionProbeUsage: 1
  m_RayTracingMode: 3
  m_RayTraceProcedural: 0
  m_RenderingLayerMask: 1
  m_RendererPriority: 0
  m_Materials:
  - {fileID: 2100000, guid: c67fdc7c4db645041bd9ce465a26ab0e, type: 2}
  m_StaticBatchInfo:
    firstSubMesh: 0
    subMeshCount: 0
  m_StaticBatchRoot: {fileID: 0}
  m_ProbeAnchor: {fileID: 0}
  m_LightProbeVolumeOverride: {fileID: 0}
  m_ScaleInLightmap: 1
  m_ReceiveGI: 1
  m_PreserveUVs: 0
  m_IgnoreNormalsForChartDetection: 0
  m_ImportantGI: 0
  m_StitchLightmapSeams: 1
  m_SelectedEditorRenderState: 3
  m_MinimumChartSize: 4
  m_AutoUVMaxDistance: 0.5
  m_AutoUVMaxAngle: 89
  m_LightmapParameters: {fileID: 0}
  m_SortingLayerID: 0
  m_SortingLayer: 0
  m_SortingOrder: 0
  serializedVersion: 2
  m_Quality: 0
  m_UpdateWhenOffscreen: 0
  m_SkinnedMotionVectors: 1
  m_Mesh: {fileID: 3359138182758997695, guid: fb5c7b1fe986dcc42a97dbad84ab50df, type: 3}
  m_Bones:
  - {fileID: 819834117163354679}
  - {fileID: 4059791081257099804}
  - {fileID: 3142495050398906113}
  - {fileID: 2479127154783303735}
  - {fileID: 1699209287611359386}
  - {fileID: 3195108376674691549}
  - {fileID: 9192380393551586510}
  - {fileID: 865935301877569616}
  - {fileID: 3802476032334550523}
  - {fileID: 8173663317573629327}
  - {fileID: 7093233625330569454}
  - {fileID: 8936511178170478197}
  - {fileID: 3734816713632609256}
  - {fileID: 4289254672971156421}
  - {fileID: 1059695724357156684}
  - {fileID: 4052827758862981175}
  - {fileID: 5795144357900737501}
  - {fileID: 200378268410272571}
  - {fileID: 6703323426085179548}
  - {fileID: 833775664051672221}
  - {fileID: 3108071321944217941}
  - {fileID: 1121288316004239023}
  - {fileID: 9209738619621650136}
  - {fileID: 6437652689858513798}
  - {fileID: 6511577239976009626}
  - {fileID: 8608344775411158179}
  - {fileID: 6974057634221984216}
  - {fileID: 1698910298927742540}
  - {fileID: 7282226886195814759}
  - {fileID: 331059474475474265}
  - {fileID: 8613755906686499728}
  - {fileID: 4476982362065204086}
  - {fileID: 6308873630941597148}
  - {fileID: 1248012775840524962}
  - {fileID: 843707827570876765}
  - {fileID: 9006183806569051148}
  - {fileID: 2898986275600786852}
  - {fileID: 8522511649116359147}
  - {fileID: 2160980186925977260}
  - {fileID: 7513964191220897263}
  - {fileID: 8012876704119408003}
  - {fileID: 3291553873258466011}
  - {fileID: 9045511846964102214}
  - {fileID: 8625785923673783971}
  - {fileID: 6603380188402990478}
  - {fileID: 6523753439950296280}
  - {fileID: 6216846528101323171}
  - {fileID: 2199131752947917429}
  - {fileID: 4841106877827447101}
  - {fileID: 8904956635382633201}
  - {fileID: 5108365934280130112}
  - {fileID: 597523523912283538}
  - {fileID: 811037812954265762}
  - {fileID: 7708383062231754958}
  - {fileID: 2109947482484808584}
  - {fileID: 1082115857681844273}
  - {fileID: 6043175611668173584}
  - {fileID: 2497584044744697365}
  - {fileID: 8483931125544282154}
  - {fileID: 1999694891517058941}
  - {fileID: 8338631644355397627}
  - {fileID: 7971825553939378117}
  - {fileID: 1169421903747977435}
  - {fileID: 7857562719146729634}
  - {fileID: 3166438847639979262}
  - {fileID: 4722160773302980109}
  - {fileID: 647499656718248076}
  m_BlendShapeWeights: []
  m_RootBone: {fileID: 819834117163354679}
  m_AABB:
    m_Center: {x: 0.0000008318166, y: 0.0066094706, z: 0.00070876675}
    m_Extent: {x: 0.00049694744, y: 0.00017500552, z: 0.00012422443}
  m_DirtyAABB: 0
--- !u!1 &7475918345642956226
GameObject:
  m_ObjectHideFlags: 0
  m_CorrespondingSourceObject: {fileID: 0}
  m_PrefabInstance: {fileID: 0}
  m_PrefabAsset: {fileID: 0}
  serializedVersion: 6
  m_Component:
  - component: {fileID: 8904956635382633201}
  m_Layer: 0
  m_Name: RightHandThumb3
  m_TagString: Untagged
  m_Icon: {fileID: 0}
  m_NavMeshLayer: 0
  m_StaticEditorFlags: 0
  m_IsActive: 1
--- !u!4 &8904956635382633201
Transform:
  m_ObjectHideFlags: 0
  m_CorrespondingSourceObject: {fileID: 0}
  m_PrefabInstance: {fileID: 0}
  m_PrefabAsset: {fileID: 0}
  m_GameObject: {fileID: 7475918345642956226}
  m_LocalRotation: {x: 0.017009605, y: -0.04745029, z: 0.018887356, w: 0.9985502}
  m_LocalPosition: {x: -7.1595424e-10, y: 0.00033217313, z: 5.9604643e-10}
  m_LocalScale: {x: 1.0000001, y: 1.0000004, z: 0.99999994}
  m_Children: []
  m_Father: {fileID: 4841106877827447101}
  m_RootOrder: 0
  m_LocalEulerAnglesHint: {x: 0, y: 0, z: 0}
--- !u!1 &7575507291139811615
GameObject:
  m_ObjectHideFlags: 0
  m_CorrespondingSourceObject: {fileID: 0}
  m_PrefabInstance: {fileID: 0}
  m_PrefabAsset: {fileID: 0}
  serializedVersion: 6
  m_Component:
  - component: {fileID: 7513964191220897263}
  m_Layer: 0
  m_Name: LeftHandPinky3
  m_TagString: Untagged
  m_Icon: {fileID: 0}
  m_NavMeshLayer: 0
  m_StaticEditorFlags: 0
  m_IsActive: 1
--- !u!4 &7513964191220897263
Transform:
  m_ObjectHideFlags: 0
  m_CorrespondingSourceObject: {fileID: 0}
  m_PrefabInstance: {fileID: 0}
  m_PrefabAsset: {fileID: 0}
  m_GameObject: {fileID: 7575507291139811615}
  m_LocalRotation: {x: 0.048886076, y: 0.029039172, z: 0.011420769, w: 0.9983168}
  m_LocalPosition: {x: -7.4505804e-11, y: 0.00017786222, z: 7.264316e-10}
  m_LocalScale: {x: 0.9999997, y: 1, z: 0.99999994}
  m_Children: []
  m_Father: {fileID: 2160980186925977260}
  m_RootOrder: 0
  m_LocalEulerAnglesHint: {x: 0, y: 0, z: 0}
--- !u!1 &7588262801053021635
GameObject:
  m_ObjectHideFlags: 0
  m_CorrespondingSourceObject: {fileID: 0}
  m_PrefabInstance: {fileID: 0}
  m_PrefabAsset: {fileID: 0}
  serializedVersion: 6
  m_Component:
  - component: {fileID: 2898986275600786852}
  m_Layer: 0
  m_Name: LeftHandRing3
  m_TagString: Untagged
  m_Icon: {fileID: 0}
  m_NavMeshLayer: 0
  m_StaticEditorFlags: 0
  m_IsActive: 1
--- !u!4 &2898986275600786852
Transform:
  m_ObjectHideFlags: 0
  m_CorrespondingSourceObject: {fileID: 0}
  m_PrefabInstance: {fileID: 0}
  m_PrefabAsset: {fileID: 0}
  m_GameObject: {fileID: 7588262801053021635}
  m_LocalRotation: {x: 0.112481356, y: 0.031611275, z: 0.0024092933, w: 0.99314797}
  m_LocalPosition: {x: -2.7939677e-11, y: 0.00020447356, z: -0.0000000016088597}
  m_LocalScale: {x: 0.99999994, y: 1.0000001, z: 1.0000001}
  m_Children: []
  m_Father: {fileID: 9006183806569051148}
  m_RootOrder: 0
  m_LocalEulerAnglesHint: {x: 0, y: 0, z: 0}
--- !u!1 &7734622834640027948
GameObject:
  m_ObjectHideFlags: 0
  m_CorrespondingSourceObject: {fileID: 0}
  m_PrefabInstance: {fileID: 0}
  m_PrefabAsset: {fileID: 0}
  serializedVersion: 6
  m_Component:
  - component: {fileID: 1698910298927742540}
  m_Layer: 0
  m_Name: LeftHandIndex3
  m_TagString: Untagged
  m_Icon: {fileID: 0}
  m_NavMeshLayer: 0
  m_StaticEditorFlags: 0
  m_IsActive: 1
--- !u!4 &1698910298927742540
Transform:
  m_ObjectHideFlags: 0
  m_CorrespondingSourceObject: {fileID: 0}
  m_PrefabInstance: {fileID: 0}
  m_PrefabAsset: {fileID: 0}
  m_GameObject: {fileID: 7734622834640027948}
  m_LocalRotation: {x: 0.03369015, y: -0.022226332, z: 0.007346223, w: 0.99915814}
  m_LocalPosition: {x: -7.4505804e-11, y: 0.0002184007, z: -0.000000001504086}
  m_LocalScale: {x: 0.99999934, y: 0.9999998, z: 0.99999994}
  m_Children: []
  m_Father: {fileID: 6974057634221984216}
  m_RootOrder: 0
  m_LocalEulerAnglesHint: {x: 0, y: 0, z: 0}
--- !u!1 &7818487413426555556
GameObject:
  m_ObjectHideFlags: 0
  m_CorrespondingSourceObject: {fileID: 0}
  m_PrefabInstance: {fileID: 0}
  m_PrefabAsset: {fileID: 0}
  serializedVersion: 6
  m_Component:
  - component: {fileID: 1999694891517058941}
  m_Layer: 0
  m_Name: LeftUpLeg
  m_TagString: Untagged
  m_Icon: {fileID: 0}
  m_NavMeshLayer: 0
  m_StaticEditorFlags: 0
  m_IsActive: 1
--- !u!4 &1999694891517058941
Transform:
  m_ObjectHideFlags: 0
  m_CorrespondingSourceObject: {fileID: 0}
  m_PrefabInstance: {fileID: 0}
  m_PrefabAsset: {fileID: 0}
  m_GameObject: {fileID: 7818487413426555556}
  m_LocalRotation: {x: 0.9998854, y: 0.003802036, z: 0.009958419, w: -0.010753718}
  m_LocalPosition: {x: -0.0009490648, y: -0.0003390857, z: -0.00004922582}
  m_LocalScale: {x: 0.9999596, y: 0.99999976, z: 0.9999551}
  m_Children:
  - {fileID: 8338631644355397627}
  m_Father: {fileID: 819834117163354679}
  m_RootOrder: 0
  m_LocalEulerAnglesHint: {x: 0, y: 0, z: 0}
--- !u!1 &8116512598018388264
GameObject:
  m_ObjectHideFlags: 0
  m_CorrespondingSourceObject: {fileID: 0}
  m_PrefabInstance: {fileID: 0}
  m_PrefabAsset: {fileID: 0}
  serializedVersion: 6
  m_Component:
  - component: {fileID: 1169421903747977435}
  m_Layer: 0
  m_Name: LeftToes
  m_TagString: Untagged
  m_Icon: {fileID: 0}
  m_NavMeshLayer: 0
  m_StaticEditorFlags: 0
  m_IsActive: 1
--- !u!4 &1169421903747977435
Transform:
  m_ObjectHideFlags: 0
  m_CorrespondingSourceObject: {fileID: 0}
  m_PrefabInstance: {fileID: 0}
  m_PrefabAsset: {fileID: 0}
  m_GameObject: {fileID: 8116512598018388264}
  m_LocalRotation: {x: 0.11305668, y: 0.9388396, z: -0.31397802, w: 0.08494856}
  m_LocalPosition: {x: -0.000000027577626, y: 0.0016651341, z: 0.000000007287599}
  m_LocalScale: {x: 1.0000002, y: 0.9999998, z: 1.0000001}
  m_Children: []
  m_Father: {fileID: 7971825553939378117}
  m_RootOrder: 0
  m_LocalEulerAnglesHint: {x: 0, y: 0, z: 0}
--- !u!1 &8221471559752522030
GameObject:
  m_ObjectHideFlags: 0
  m_CorrespondingSourceObject: {fileID: 0}
  m_PrefabInstance: {fileID: 0}
  m_PrefabAsset: {fileID: 0}
  serializedVersion: 6
  m_Component:
  - component: {fileID: 2160980186925977260}
  m_Layer: 0
  m_Name: LeftHandPinky2
  m_TagString: Untagged
  m_Icon: {fileID: 0}
  m_NavMeshLayer: 0
  m_StaticEditorFlags: 0
  m_IsActive: 1
--- !u!4 &2160980186925977260
Transform:
  m_ObjectHideFlags: 0
  m_CorrespondingSourceObject: {fileID: 0}
  m_PrefabInstance: {fileID: 0}
  m_PrefabAsset: {fileID: 0}
  m_GameObject: {fileID: 8221471559752522030}
  m_LocalRotation: {x: 0.072925575, y: 0.005579546, z: -0.031255756, w: 0.9968319}
  m_LocalPosition: {x: -0, y: 0.00034333958, z: -4.842877e-10}
  m_LocalScale: {x: 0.9999995, y: 0.99999976, z: 0.99999994}
  m_Children:
  - {fileID: 7513964191220897263}
  m_Father: {fileID: 8522511649116359147}
  m_RootOrder: 0
  m_LocalEulerAnglesHint: {x: 0, y: 0, z: 0}
--- !u!1 &8234742437114332637
GameObject:
  m_ObjectHideFlags: 0
  m_CorrespondingSourceObject: {fileID: 0}
  m_PrefabInstance: {fileID: 0}
  m_PrefabAsset: {fileID: 0}
  serializedVersion: 6
  m_Component:
  - component: {fileID: 6523753439950296280}
  m_Layer: 0
  m_Name: RightHandIndex2
  m_TagString: Untagged
  m_Icon: {fileID: 0}
  m_NavMeshLayer: 0
  m_StaticEditorFlags: 0
  m_IsActive: 1
--- !u!4 &6523753439950296280
Transform:
  m_ObjectHideFlags: 0
  m_CorrespondingSourceObject: {fileID: 0}
  m_PrefabInstance: {fileID: 0}
  m_PrefabAsset: {fileID: 0}
  m_GameObject: {fileID: 8234742437114332637}
  m_LocalRotation: {x: 0.15276267, y: -0.0004217922, z: 0.06531745, w: 0.9861019}
  m_LocalPosition: {x: -0.0000000016391277, y: 0.0004334416, z: -0.0000000020023434}
  m_LocalScale: {x: 1, y: 0.9999999, z: 1.0000001}
  m_Children:
  - {fileID: 6216846528101323171}
  m_Father: {fileID: 6603380188402990478}
  m_RootOrder: 0
  m_LocalEulerAnglesHint: {x: 0, y: 0, z: 0}
--- !u!1 &8273973988432645154
GameObject:
  m_ObjectHideFlags: 0
  m_CorrespondingSourceObject: {fileID: 0}
  m_PrefabInstance: {fileID: 0}
  m_PrefabAsset: {fileID: 0}
  serializedVersion: 6
  m_Component:
  - component: {fileID: 4722160773302980109}
  m_Layer: 0
  m_Name: RightFoot
  m_TagString: Untagged
  m_Icon: {fileID: 0}
  m_NavMeshLayer: 0
  m_StaticEditorFlags: 0
  m_IsActive: 1
--- !u!4 &4722160773302980109
Transform:
  m_ObjectHideFlags: 0
  m_CorrespondingSourceObject: {fileID: 0}
  m_PrefabInstance: {fileID: 0}
  m_PrefabAsset: {fileID: 0}
  m_GameObject: {fileID: 8273973988432645154}
  m_LocalRotation: {x: -0.45883265, y: -0.08774748, z: 0.08571149, w: 0.8800151}
  m_LocalPosition: {x: -3.4924596e-12, y: 0.004152579, z: 2.0954757e-11}
  m_LocalScale: {x: 1.0000002, y: 1.0000002, z: 1.0000002}
  m_Children:
  - {fileID: 647499656718248076}
  m_Father: {fileID: 3166438847639979262}
  m_RootOrder: 0
  m_LocalEulerAnglesHint: {x: 0, y: 0, z: 0}
--- !u!1 &8407708580646962038
GameObject:
  m_ObjectHideFlags: 0
  m_CorrespondingSourceObject: {fileID: 0}
  m_PrefabInstance: {fileID: 0}
  m_PrefabAsset: {fileID: 0}
  serializedVersion: 6
  m_Component:
  - component: {fileID: 4476982362065204086}
  m_Layer: 0
  m_Name: LeftHandMiddle1
  m_TagString: Untagged
  m_Icon: {fileID: 0}
  m_NavMeshLayer: 0
  m_StaticEditorFlags: 0
  m_IsActive: 1
--- !u!4 &4476982362065204086
Transform:
  m_ObjectHideFlags: 0
  m_CorrespondingSourceObject: {fileID: 0}
  m_PrefabInstance: {fileID: 0}
  m_PrefabAsset: {fileID: 0}
  m_GameObject: {fileID: 8407708580646962038}
  m_LocalRotation: {x: -0.0020612618, y: 0.9572026, z: -0.28834847, w: 0.024780978}
  m_LocalPosition: {x: -0.00013750493, y: 0.0008687469, z: -0.0000063349084}
  m_LocalScale: {x: 1, y: 0.99999964, z: 1}
  m_Children:
  - {fileID: 6308873630941597148}
  m_Father: {fileID: 6511577239976009626}
  m_RootOrder: 1
  m_LocalEulerAnglesHint: {x: 0, y: 0, z: 0}
--- !u!1 &8496895735568002954
GameObject:
  m_ObjectHideFlags: 0
  m_CorrespondingSourceObject: {fileID: 0}
  m_PrefabInstance: {fileID: 0}
  m_PrefabAsset: {fileID: 0}
  serializedVersion: 6
  m_Component:
  - component: {fileID: 4059791081257099804}
  m_Layer: 0
  m_Name: Spine
  m_TagString: Untagged
  m_Icon: {fileID: 0}
  m_NavMeshLayer: 0
  m_StaticEditorFlags: 0
  m_IsActive: 1
--- !u!4 &4059791081257099804
Transform:
  m_ObjectHideFlags: 0
  m_CorrespondingSourceObject: {fileID: 0}
  m_PrefabInstance: {fileID: 0}
  m_PrefabAsset: {fileID: 0}
  m_GameObject: {fileID: 8496895735568002954}
  m_LocalRotation: {x: -0.014625107, y: -0.000036070534, z: -0.000036321657, w: 0.99989307}
  m_LocalPosition: {x: -0.00000006569923, y: 0.0012767852, z: 0.00011851383}
  m_LocalScale: {x: 1, y: 0.9999999, z: 0.99999994}
  m_Children:
  - {fileID: 3142495050398906113}
  m_Father: {fileID: 819834117163354679}
  m_RootOrder: 2
  m_LocalEulerAnglesHint: {x: 0, y: 0, z: 0}
--- !u!1 &8658011444530255920
GameObject:
  m_ObjectHideFlags: 0
  m_CorrespondingSourceObject: {fileID: 0}
  m_PrefabInstance: {fileID: 0}
  m_PrefabAsset: {fileID: 0}
  serializedVersion: 6
  m_Component:
  - component: {fileID: 9192380393551586510}
  m_Layer: 0
  m_Name: RightEye
  m_TagString: Untagged
  m_Icon: {fileID: 0}
  m_NavMeshLayer: 0
  m_StaticEditorFlags: 0
  m_IsActive: 1
--- !u!4 &9192380393551586510
Transform:
  m_ObjectHideFlags: 0
  m_CorrespondingSourceObject: {fileID: 0}
  m_PrefabInstance: {fileID: 0}
  m_PrefabAsset: {fileID: 0}
  m_GameObject: {fileID: 8658011444530255920}
  m_LocalRotation: {x: 0.876867, y: -0.000046637328, z: 0.00032026597, w: -0.48073292}
  m_LocalPosition: {x: 0.0003285134, y: 0.0011587593, z: 0.0002586757}
  m_LocalScale: {x: 1.0000001, y: 1, z: 1.0000001}
  m_Children: []
  m_Father: {fileID: 3195108376674691549}
  m_RootOrder: 2
  m_LocalEulerAnglesHint: {x: 0, y: 0, z: 0}
--- !u!1 &8666307839694751457
GameObject:
  m_ObjectHideFlags: 0
  m_CorrespondingSourceObject: {fileID: 0}
  m_PrefabInstance: {fileID: 0}
  m_PrefabAsset: {fileID: 0}
  serializedVersion: 6
  m_Component:
  - component: {fileID: 8936511178170478197}
  m_Layer: 0
  m_Name: FrontRight2
  m_TagString: Untagged
  m_Icon: {fileID: 0}
  m_NavMeshLayer: 0
  m_StaticEditorFlags: 0
  m_IsActive: 1
--- !u!4 &8936511178170478197
Transform:
  m_ObjectHideFlags: 0
  m_CorrespondingSourceObject: {fileID: 0}
  m_PrefabInstance: {fileID: 0}
  m_PrefabAsset: {fileID: 0}
  m_GameObject: {fileID: 8666307839694751457}
  m_LocalRotation: {x: -0.29583028, y: -0.038201842, z: 0.17483959, w: 0.9383263}
  m_LocalPosition: {x: 9.313225e-11, y: 0.00042075006, z: -6.286427e-11}
  m_LocalScale: {x: 0.9999996, y: 0.99999976, z: 0.9999998}
  m_Children:
  - {fileID: 3734816713632609256}
  m_Father: {fileID: 7093233625330569454}
  m_RootOrder: 0
  m_LocalEulerAnglesHint: {x: 0, y: 0, z: 0}
--- !u!1 &8836517367656432449
GameObject:
  m_ObjectHideFlags: 0
  m_CorrespondingSourceObject: {fileID: 0}
  m_PrefabInstance: {fileID: 0}
  m_PrefabAsset: {fileID: 0}
  serializedVersion: 6
  m_Component:
  - component: {fileID: 6043175611668173584}
  m_Layer: 0
  m_Name: RightHandPinky1
  m_TagString: Untagged
  m_Icon: {fileID: 0}
  m_NavMeshLayer: 0
  m_StaticEditorFlags: 0
  m_IsActive: 1
--- !u!4 &6043175611668173584
Transform:
  m_ObjectHideFlags: 0
  m_CorrespondingSourceObject: {fileID: 0}
  m_PrefabInstance: {fileID: 0}
  m_PrefabAsset: {fileID: 0}
  m_GameObject: {fileID: 8836517367656432449}
  m_LocalRotation: {x: 0.018031828, y: 0.9305, z: -0.3642469, w: -0.03419049}
  m_LocalPosition: {x: -0.00026330302, y: 0.00079389615, z: -0.00010847961}
  m_LocalScale: {x: 1.0000002, y: 1.0000002, z: 0.9999998}
  m_Children:
  - {fileID: 2497584044744697365}
  m_Father: {fileID: 8625785923673783971}
  m_RootOrder: 2
  m_LocalEulerAnglesHint: {x: 0, y: 0, z: 0}
--- !u!1 &8905725933803833615
GameObject:
  m_ObjectHideFlags: 0
  m_CorrespondingSourceObject: {fileID: 0}
  m_PrefabInstance: {fileID: 0}
  m_PrefabAsset: {fileID: 0}
  serializedVersion: 6
  m_Component:
  - component: {fileID: 200378268410272571}
  m_Layer: 0
  m_Name: FrontLeft
  m_TagString: Untagged
  m_Icon: {fileID: 0}
  m_NavMeshLayer: 0
  m_StaticEditorFlags: 0
  m_IsActive: 1
--- !u!4 &200378268410272571
Transform:
  m_ObjectHideFlags: 0
  m_CorrespondingSourceObject: {fileID: 0}
  m_PrefabInstance: {fileID: 0}
  m_PrefabAsset: {fileID: 0}
  m_GameObject: {fileID: 8905725933803833615}
  m_LocalRotation: {x: 0.25817996, y: 0.054574333, z: 0.95773005, w: 0.114533566}
  m_LocalPosition: {x: -0.00061629195, y: -0.00068769284, z: 0.00081299554}
  m_LocalScale: {x: 0.9999998, y: 0.9999996, z: 0.99999946}
  m_Children:
  - {fileID: 6703323426085179548}
  m_Father: {fileID: 3802476032334550523}
  m_RootOrder: 0
  m_LocalEulerAnglesHint: {x: 0, y: 0, z: 0}
--- !u!1 &8916509281970718018
GameObject:
  m_ObjectHideFlags: 0
  m_CorrespondingSourceObject: {fileID: 0}
  m_PrefabInstance: {fileID: 0}
  m_PrefabAsset: {fileID: 0}
  serializedVersion: 6
  m_Component:
  - component: {fileID: 6308873630941597148}
  m_Layer: 0
  m_Name: LeftHandMiddle2
  m_TagString: Untagged
  m_Icon: {fileID: 0}
  m_NavMeshLayer: 0
  m_StaticEditorFlags: 0
  m_IsActive: 1
--- !u!4 &6308873630941597148
Transform:
  m_ObjectHideFlags: 0
  m_CorrespondingSourceObject: {fileID: 0}
  m_PrefabInstance: {fileID: 0}
  m_PrefabAsset: {fileID: 0}
  m_GameObject: {fileID: 8916509281970718018}
  m_LocalRotation: {x: 0.15416525, y: 0.01818989, z: -0.0008573184, w: 0.98787725}
  m_LocalPosition: {x: -0, y: 0.00054339145, z: 0.0000000014388933}
  m_LocalScale: {x: 1.0000001, y: 1.0000004, z: 1.0000002}
  m_Children:
  - {fileID: 1248012775840524962}
  m_Father: {fileID: 4476982362065204086}
  m_RootOrder: 0
  m_LocalEulerAnglesHint: {x: 0, y: 0, z: 0}
--- !u!1 &9123203843705208123
GameObject:
  m_ObjectHideFlags: 0
  m_CorrespondingSourceObject: {fileID: 0}
  m_PrefabInstance: {fileID: 0}
  m_PrefabAsset: {fileID: 0}
  serializedVersion: 6
  m_Component:
  - component: {fileID: 6437652689858513798}
  m_Layer: 0
  m_Name: LeftForeArm
  m_TagString: Untagged
  m_Icon: {fileID: 0}
  m_NavMeshLayer: 0
  m_StaticEditorFlags: 0
  m_IsActive: 1
--- !u!4 &6437652689858513798
Transform:
  m_ObjectHideFlags: 0
  m_CorrespondingSourceObject: {fileID: 0}
  m_PrefabInstance: {fileID: 0}
  m_PrefabAsset: {fileID: 0}
  m_GameObject: {fileID: 9123203843705208123}
  m_LocalRotation: {x: 0.011939943, y: -0.013655216, z: -0.007457432, w: 0.99980766}
  m_LocalPosition: {x: -2.0489097e-10, y: 0.0027945843, z: 0.0000000016519334}
  m_LocalScale: {x: 1, y: 1, z: 0.9999999}
  m_Children:
  - {fileID: 6511577239976009626}
  m_Father: {fileID: 9209738619621650136}
  m_RootOrder: 0
  m_LocalEulerAnglesHint: {x: 0, y: 0, z: 0}
--- !u!1 &9221647621079226858
GameObject:
  m_ObjectHideFlags: 0
  m_CorrespondingSourceObject: {fileID: 0}
  m_PrefabInstance: {fileID: 0}
  m_PrefabAsset: {fileID: 0}
  serializedVersion: 6
  m_Component:
  - component: {fileID: 6974057634221984216}
  m_Layer: 0
  m_Name: LeftHandIndex2
  m_TagString: Untagged
  m_Icon: {fileID: 0}
  m_NavMeshLayer: 0
  m_StaticEditorFlags: 0
  m_IsActive: 1
--- !u!4 &6974057634221984216
Transform:
  m_ObjectHideFlags: 0
  m_CorrespondingSourceObject: {fileID: 0}
  m_PrefabInstance: {fileID: 0}
  m_PrefabAsset: {fileID: 0}
  m_GameObject: {fileID: 9221647621079226858}
  m_LocalRotation: {x: 0.15859921, y: -0.0057458687, z: -0.04946889, w: 0.98608625}
  m_LocalPosition: {x: 2.7939676e-10, y: 0.00043344207, z: -0.000000002835877}
  m_LocalScale: {x: 0.99999994, y: 1.0000001, z: 0.9999999}
  m_Children:
  - {fileID: 1698910298927742540}
  m_Father: {fileID: 8608344775411158179}
  m_RootOrder: 0
  m_LocalEulerAnglesHint: {x: 0, y: 0, z: 0}
